 Dungeon Crawl Stone Soup version 0.30-a0-1066-g63dfefce0d (webtiles) character file.

Game seed: 2055407786927010421

14813459 jazmu the Archmage (level 27, 269/269 HPs)
             Began as a Demigod Summoner on Apr 9, 2023.
             Escaped with the Orb
             ... and 15 runes on Apr 12, 2023!
             The game lasted 09:34:01 (107066 turns).

jazmu the Archmage (Demigod Summoner)             Turns: 107066, Time: 09:34:02

Health: 269/269    AC: 21    Str:  9    XL:     27
Magic:  79/79      EV: 30    Int: 53    God:
Gold:   9881       SH: 36    Dex: 27    Spells: 4/80 levels left

rFire   + + +      SeeInvis +    R - staff of poison "Cifossong" {rPois rC+ MP+9 Dex+4}
rCold   + + +      Faith    .    d - +8 tower shield {rF+}
rNeg    + + +      Spirit   .    U - +4 Cigotuvi's embrace {Corpsefed rMiasma Drain rN+}
rPois   ∞          Reflect  .    (helmet restricted)
rElec   +          Rampage  .    f - +0 cloak "Zisy" {rF++ Int-2}
rCorr   .                        Q - +1 pair of gloves of Midwinter {rN++ Int+7 Dex-3}
Will    ++++.                    a - +3 pair of mountain boots {steadfast, rC+}
Stlth   +                        z - amulet of Vitality {RegenMP++ Regen++}
HPRegen 2.24/turn                m - ring of Coddif {rPois rC- rN++ MP+9 Int+2}
MPRegen 1.26/turn                C - ring "Biny" {rElec Will+ Int+5 Slay+3 SInv}

@: lich-form, on dragon call cooldown, studying 4 skills
A: draining attack, torment immunity, no potions, high MP 1, forlorn, divine
attributes, horns 1, cold resistance 2, MP-powered wands
0: Orb of Zot
}: 15/15 runes: barnacled, slimy, silver, golden, iron, obsidian, icy, bone,
abyssal, demonic, glowing, magical, fiery, dark, gossamer
a: End Transformation


You escaped.
You were an undead lich.
You visited 18 branches of the dungeon, and saw 88 of its levels.
You visited Pandemonium 3 times, and saw 22 of its levels.
You visited the Abyss 2 times.
You visited 1 bazaar.
You visited 2 ziggurats, and saw 46 of their levels (deepest: 24).
You also visited: Ossuary, Ice Cave, Wizlab and Desolation.

You collected 17184 gold pieces.
You spent 7303 gold pieces at shops.

Inventory:

Armour
 a - the +3 pair of mountain boots (worn) {steadfast, rC+}
   (You bought it in a shop on level 3 of the Dungeon)

   Steadfast: It prevents involuntary movement, except for blinking,
   teleportation, or banishment.
   rC:        It protects you from cold.
 d - a +8 tower shield of fire resistance (worn)
 f - the +0 cloak "Zisy" (worn) {rF++ Int-2}
   (You bought it in a shop on level 2 of the Orcish Mines)

   Int:       It affects your intelligence (-2).
   rF:        It greatly protects you from fire.
 Q - the +1 pair of gloves of Midwinter (worn) {rN++ Int+7 Dex-3}
   (You bought it in a shop on level 1 of the Vaults)

   Int:       It affects your intelligence (+7).
   Dex:       It affects your dexterity (-3).
   rN:        It greatly protects you from negative energy.
 U - the +4 Cigotuvi's embrace (worn) {Corpsefed rMiasma Drain rN+}
   (You bought it in a shop on level 8 of the Dungeon)

   Corpsefed: It gathers nearby corpses to temporarily increase the armour it
   provides.
   rMiasma:   It protects you from foul pestilence.
   rN:        It protects you from negative energy.
   Drain:     It drains your maximum health when unequipped.
Magical Staves
 R - the staff of poison "Cifossong" (weapon) {rPois rC+ MP+9 Dex+4}
   (You found it on level 3 of the Tomb of the Ancients)

   [staff of poison]

   Base accuracy: +5 Base damage: 5 Base attack delay: 1.2 This weapon's minimum
   attack delay (0.6) is reached at skill level 12.
   Dex:       It affects your dexterity (+4).
   rC:        It protects you from cold.
   rPois:     It protects you from poison.
   MP:        It affects your magic capacity (+9).
   It falls into the 'Staves' category.
   It is a one-handed weapon.
Jewellery
 m - the ring of Coddif (left hand) {rPois rC- rN++ MP+9 Int+2}
   (You found it on level 11 of a ziggurat)

   [ring of magical power]

   Int:       It affects your intelligence (+2).
   rC:        It makes you vulnerable to cold.
   rPois:     It protects you from poison.
   rN:        It greatly protects you from negative energy.
   MP:        It affects your magic capacity (+9).
 u - the ring "Wutoown" {rPois rN+ rCorr SInv}
   (You found it on level 3 of the Elven Halls)

   [ring of poison resistance]

   rPois:     It protects you from poison.
   rN:        It protects you from negative energy.
   SInv:      It lets you see invisible.
   rCorr:     It protects you from acid and corrosion.
 v - a ring of flight
 w - a +6 ring of strength
 z - the amulet of Vitality (around neck) {RegenMP++ Regen++}
   (You found it on level 2 of the Vaults)

   [amulet of magic regeneration]

   It increases your rate of magic regeneration.
   Regen:     It increases your rate of health regeneration.
 C - the ring "Biny" (right hand) {rElec Will+ Int+5 Slay+3 SInv}
   (You acquired it on level 15 of a ziggurat)

   [ring of see invisible]

   Int:       It affects your intelligence (+5).
   Slay:      It affects your accuracy & damage with ranged weapons and melee
   (+3).
   rElec:     It insulates you from electricity.
   SInv:      It lets you see invisible.
   Will:      It increases your willpower.
 W - the dreamshard necklace {*Dream Drain}
   (You found it on level 14 of a ziggurat)

   [amulet of nothing]

   *Dream:    It shatters if its wearer takes lethal or near-lethal damage,
   preventing the blow and releasing protective dreams that heal and fight for
   the wearer.
   Drain:     It drains your maximum health when unequipped.
Wands
 F - a wand of iceblast (38)
 I - a wand of digging (3)
 S - a wand of acid (32)
Scrolls
 e - 19 scrolls of teleportation
 h - a scroll of blinking
 k - 10 scrolls of fog
 n - 13 scrolls of immolation
 r - 4 scrolls of summoning
 s - 12 scrolls of fear
 J - 4 scrolls of magic mapping
 K - 10 scrolls of torment
 L - 67 scrolls of identify
 M - 2 scrolls of silence
 Y - 9 scrolls of poison
Potions
 b - 5 potions of magic
 c - 20 potions of heal wounds
 i - 27 potions of curing
 j - 9 potions of mutation
 l - 7 potions of resistance
 o - 2 potions of invisibility
 p - 8 potions of flight
 q - 10 potions of cancellation
 t - 12 potions of brilliance
 B - 6 potions of haste
Miscellaneous
 g - the horn of Geryon
 y - a phantom mirror
 O - a tin of tremorstones (2/2)
 X - a condenser vane


   Skills:
 + Level 26.1 Fighting
 - Level 6.2 Polearms
 - Level 6.3 Armour
 - Level 18.9 Dodging
 - Level 1.7 Stealth
 O Level 27 Shields
 O Level 27 Spellcasting
 - Level 22.4 Conjurations
 O Level 27 Summonings
 - Level 14.0 Necromancy
 - Level 12.0 Transmutations
 - Level 18.6 Fire Magic
 - Level 21.3 Ice Magic
 - Level 4.0 Air Magic
 - Level 6.2 Earth Magic
 - Level 5.4 Poison Magic
 - Level 4.1 Evocations


You had 4 spell levels left.
You knew the following spells:

 Your Spells              Type           Power      Damage    Failure   Level
a - Summon Horrible Thin  Summ           75%        N/A       0%          8
b - Polar Vortex          Ice            70%        N/A       2%          9
c - Infestation           Necr           73%        N/A       3%          8
d - Dragon's Call         Summ           75%        N/A       1%          9
e - Fire Storm            Conj/Fire      69%        8d17      3%          9
f - Fireball              Conj/Fire      69%        3d26      0%          5
i - Ignition              Fire           66%        3d18      1%          8
n - Necromutation         Tmut/Necr      71%        N/A       5%          8
v - Haunt                 Necr/Summ      81%        N/A       1%          7
x - Borgnjor's Vile Clut  Necr/Erth      66%        N/A       1%          5

Your spell library contained the following spells:

 Spells                   Type           Power      Damage    Failure   Level
 Beastly Appendage        Tmut           100%       N/A       0%          1
 Foxfire                  Conj/Fire      100%       2x1d9     0%          1
 Freeze                   Ice            100%       1d10      0%          1
 Kiss of Death            Conj/Necr      100%       2d13      0%          1
 Magic Dart               Conj           100%       1d8       0%          1
 Necrotise                Necr           100%       1d9       0%          1
 Sandblast                Erth           100%       2d20      0%          1
 Shock                    Conj/Air       100%       1d9       0%          1
 Sting                    Tmut/Pois      100%       1d8       0%          1
 Summon Small Mammal      Summ           100%       N/A       0%          1
 Call Imp                 Summ           100%       N/A       0%          2
 Cigotuvi's Dreadful Rot  Necr/Pois/Air  100%       N/A       0%          2
 Ensorcelled Hibernation  Hex/Ice        100%       N/A       0%          2
 Momentum Strike          Conj/Tloc      100%       3d10      0%          2
 Passwall                 Tmut/Erth      88%        N/A       0%          2
 Scorch                   Fire           100%       2d9       0%          2
 Searing Ray              Conj           100%       2d8       0%          2
 Static Discharge         Conj/Air       100%       2-7/arc   0%          2
 Sublimation of Blood     Necr           100%       N/A       0%          2
 Wereblood                Tmut           100%       N/A       0%          2
 Call Canine Familiar     Summ           100%       N/A       0%          3
 Dazzling Flash           Conj/Hex       100%       N/A       0%          3
 Frozen Ramparts          Ice            100%       1d16      0%          3
 Hailstorm                Conj/Ice       100%       3d20      0%          3
 Ignite Poison            Fire/Tmut/Pois 100%       N/A       0%          3
 Inner Flame              Hex/Fire       100%       N/A       0%          3
 Mephitic Cloud           Conj/Pois/Air  100%       N/A       0%          3
 Ozocubu's Armour         Ice            100%       N/A       0%          3
 Spider Form              Tmut/Pois      100%       N/A       0%          3
 Stone Arrow              Conj/Erth      100%       3d13      0%          3
 Summon Guardian Golem    Hex/Summ       100%       N/A       0%          3
 Vampiric Draining        Necr           100%       2d13      0%          3
 Volatile Blastmotes      Fire/Tloc      100%       2d18      0%          3
 Animate Armour           Summ/Erth      100%       N/A       0%          4
 Animate Dead             Necr           100%       N/A       0%          4
 Dispel Undead            Necr           100%       3d31      0%          4
 Fulminant Prism          Conj/Hex       56%        3d24      0%          4
 Ice Form                 Ice/Tmut       100%       N/A       0%          4
 Iskenderun's Mystic Bla  Conj/Tloc      100%       2d19      0%          4
 Sticky Flame             Conj/Fire      100%       2d11      0%          4
 Summon Ice Beast         Ice/Summ       100%       N/A       0%          4
 Summon Lightning Spire   Summ/Air       100%       N/A       0%          4
 Apportation              Tloc           100%       N/A       1%          1
 Slow                     Hex            100%       N/A       1%          1
 Blink                    Tloc           100%       N/A       1%          2
 Lesser Beckoning         Tloc           100%       N/A       1%          2
 Poisonous Vapours        Pois/Air       100%       N/A       1%          2
 Confusing Touch          Hex            64%        N/A       1%          3
 Gell's Gravitas          Tloc           64%        N/A       1%          3
 Portal Projectile        Hex/Tloc       100%       N/A       1%          3
 Swiftness                Air            85%        N/A       1%          3
 Teleport Other           Tloc           64%        N/A       1%          3
 Tukima's Dance           Hex            64%        N/A       1%          3
 Vhi's Electric Charge    Tloc/Air       100%       N/A       1%          3
 Airstrike                Air            42%        2d(7-23)  1%          4
 Anguish                  Hex/Necr       60%        N/A       1%          4
 Cause Fear               Hex            32%        N/A       1%          4
 Leda's Liquefaction      Hex/Erth       40%        N/A       1%          4
 Manifold Assault         Tloc           64%        N/A       1%          4
 Olgreb's Toxic Radiance  Pois           100%       N/A       1%          4
 Passage of Golubria      Tloc           64%        N/A       1%          4
 Petrify                  Tmut/Erth      100%       N/A       1%          4
 Agony                    Necr           100%       N/A       0%          5
 Freezing Cloud           Conj/Ice/Air   63%        6-21      0%          5
 Irradiate                Conj/Tmut      65%        3d33      0%          5
 Iskenderun's Battlesphe  Conj           100%       2d15      0%          5
 Starburst                Conj/Fire      69%        6d18      0%          6
 Summon Cactus Giant      Summ           75%        N/A       0%          6
 Monstrous Menagerie      Summ           75%        N/A       0%          7
 Orb of Destruction       Conj           71%        9d16      0%          7
 Spellforged Servitor     Conj/Summ      73%        N/A       0%          7
 Summon Hydra             Summ           75%        N/A       0%          7
 Alistair's Intoxication  Tmut/Pois      85%        N/A       1%          5
 Arcjolt                  Conj/Air       59%        1d69      1%          5
 Blade Hands              Tmut           57%        N/A       1%          5
 Lee's Rapid Deconstruct  Erth           47%        3d23*     1%          5
 Metabolic Englaciation   Hex/Ice        55%        N/A       1%          5
 Silence                  Hex/Air        37%        N/A       1%          5
 Summon Forest            Summ/Tloc      60%        N/A       1%          5
 Summon Mana Viper        Hex/Summ       100%       N/A       1%          5
 Yara's Violent Unravell  Hex/Tmut       47%        3d18      1%          5
 Conjure Ball Lightning   Conj/Air       59%        3x3d21    1%          6
 Death Channel            Necr           73%        N/A       1%          6
 Eringya's Noxious Bog    Tmut/Pois      64%        N/A       1%          6
 Iron Shot                Conj/Erth      61%        9d11      1%          6
 Plasma Beam              Fire/Air       56%        2x1d78    1%          6
 Simulacrum               Ice/Necr       78%        N/A       1%          6
 Statue Form              Tmut/Erth      70%        N/A       1%          6
 Dragon Form              Tmut           57%        N/A       1%          7
 Malign Gateway           Summ/Tloc      60%        N/A       1%          7
 Ozocubu's Refrigeration  Ice            70%        4d23      1%          7
 Borgnjor's Revivificati  Necr           73%        N/A       3%          8
 Lehudib's Crystal Spear  Conj/Erth      61%        10d14     3%          8
 Storm Form               Tmut/Air       51%        N/A       5%          7
 Dispersal                Tloc           32%        N/A       26%         6
 Death's Door             Necr           73%        N/A       47%         9
 Chain Lightning          Conj/Air       59%        3d79      58%         9
 Enfeeble                 Hex            32%        N/A       80%         7
 Maxwell's Capacitive Co  Air            42%        ∞         91%         8
 Discord                  Hex            32%        N/A       100%        8
 Disjunction              Tloc           32%        N/A       100%        8
 Shatter                  Erth           47%        3d36*     100%        9


Dungeon Overview and Level Annotations

Branches:
Dungeon (15/15)            Temple (1/1) D:5            Lair (5/5) D:9
 Shoals (4/4) Lair:2       Spider (4/4) Lair:3        Slime (5/5) Lair:4
    Orc (2/2) D:11            Elf (3/3) Orc:2        Vaults (5/5) D:14
  Crypt (3/3) Vaults:2       Tomb (3/3) Crypt:3      Depths (4/4) D:15
   Hell (visited)             Dis (7/7) Hell            Geh (7/7) Hell
    Coc (7/7) Hell            Tar (7/7) Hell            Zot (5/5) Depths:4
Ossuary (visited)           IceCv (visited)          WizLab (visited)
Desolation (visited)

Shops:
D:3 [[   D:6 (   D:8 =([*:   D:10 [   Orc:2 *!?*   Elf:3 *   Shoals:3 (
Shoals:4 [:[?   Vaults:1 [   Depths:2 =::   Depths:3 !

Portals:
Hell: Depths:1 Depths:2 Depths:3 Depths:4
Abyss: Depths:1 Depths:3
Pandemonium: Depths:2


Innate Abilities, Weirdness & Mutations

You are an undead lich.
Your unarmed attacks are suffused with negative energy.
You are immune to unholy pain and torment.
Your necromantic spells are more powerful.
You cannot drink.
You are immune to poison.
You have an increased reservoir of magic. (+10% MP)
You shall have no god before yourself.
Your divine heritage dramatically boosts your attributes as you level up.
You have a pair of small horns on your head.
Your flesh is very cold resistant. (rC++)
You expend magic power (3 MP) to strengthen your wands.


Message History

Zombie hands grab the large abomination.
The zombie hands constrict the large abomination.
Unknown command.
Unknown command.
Casting: Borgnjor's Vile Clutch (safe; 1% risk of failure)
Confirm with . or Enter, or press ? or * to list all spells.
You call out to the draconic realm, and the dragon horde roars back!
A dragon arrives to answer your call!
The zombie hands constrict the large abomination.
The large abomination hits your golden dragon!!
Your golden dragon bites the large abomination!!
Your golden dragon claws the large abomination!
Your golden dragon tramples the large abomination.
The large abomination is held in place!
Unknown command.
A dragon arrives to answer your call!
The zombie hands constrict the large abomination!
You destroy the large abomination!
Unknown command.
Unknown command.
There is a stone staircase leading up here.
You climb upwards.
Your summoned allies are left behind.
There is a stone staircase leading down here.
(D) Dungeon (T) Temple (L) Lair (A) Shoals (N) Spider Nest (M) Slime Pits (O) Orcish Mines (E) Elven Halls (V) Vaults (C) Crypt (W) Tomb (U) Depths (H) Hell (I) Dis (G) Gehenna (X) Cocytus (Y) Tartarus (Z) Zot
Where to? (Enter - D:1, ? - help)
What level of the Dungeon? (default 1, ? - help)
There is a stone staircase leading up here.
You climb upwards.
Magic restored.
There is a stone staircase leading down here.
There is a stone staircase leading up here.
You climb upwards.
There is a stone staircase leading down here.
You see here a +0 club.
The roar of the dragon horde subsides.
There is a staircase leading out of the dungeon here.
You have escaped!

#≈≈≈≈≈≈≈≈≈≈≈.#
##
#≈≈≈≈≈≈≈≈≈≈~.#
####.
#≈≈≈≈≈≈≈≈≈~..#
#....
#≈≈≈≈≈≈≈≈~~..#
#.##.
#≈≈≈≈≈≈≈~~...#
#.###
#≈≈≈≈≈≈≈≈....#
#.#
#≈≈≈~~~......#
#.#
#≈≈≈≈...##..###
#.#
#≈≈.....#L....##
#.#
#≈.....(....#..#
#.#
#~..........##.#
#.#
#..###########.#
#.# #### #.# #.#
#.# #.# #.# #.#
#.# #.#
#.#######.#


There were no monsters in sight!

Vanquished Creatures
  the Serpent of Hell (Dis:7)
  Dispater (Dis:7)
  An ancient lich (Zot:5)
  3 juggernauts
  13 royal mummies
  Sojobo (Vaults:5)
  Boris (twice) (Vaults:3 Crypt:3)
  A Killer Klown (Zot:5)
  10 shard shrikes
  Geryon (Hell)
  2 pandemonium lords (Pan)
  11 caustic shrikes
  2 curse toes
  8 golden dragons
  Jory (Crypt:2)
  3 profane servitors (Tar:7)
  2 bone dragons
  4 Brimstone Fiends (Pan)
  A spectral shard shrike (Tar:3)
  7 Tzitzimimeh
  2 iron giants
  2 doom hounds
  7 Hell Sentinels
  7 Ice Fiends
  5 tentacled monstrosities
  2 liches
  5 titans
  3 quicksilver dragons
  3 Orb Guardians (Zot:5)
  3 tainted leviathans (Tar:7)
  8 deep elf blademasters
  3 searing wretches
  Murray (Hell)
  3 ancient champions
  4 acid blobs
  7 deep elf master archers
  A tentacled starspawn (Zig:11)
  7 Executioners (Pan)
  Polyphemus (Shoals:3)
  Frances (Lair:3)
  A sphinx (Depths:3)
  2 thorn hunters
  A shadow dragon (Depths:3)
  Donald (Spider:1)
  2 demonspawn warmongers
  3 tengu reavers
  3 storm dragons
  A nagaraja (Zig:16)
  5 revenants
  17 narguns
  A rockslime (Zig:16)
  A fenstrider witch (shapeshifter) (Zig:15)
  4 draconian monks
  6 fire giants
  13 vault wardens
  8 azure jellies
  A draconian scorcher (Zot:2)
  2 quicksilver elementals (Zig:24)
  12 frost giants
  6 deep elf sorcerers
  4 iron dragons
  5 draconian knights
  5 emperor scorpions
  8 ghost moths
  9 balrugs
  3 deep elf elementalists
  5 orc warlords
  A shard shrike simulacrum (Coc:7)
  5 cacodemons
  2 curse skulls
  4 draconian annihilators
  3 spriggan defenders
  3 draconian stormcallers (Zig:23)
  A caustic shrike zombie (WizLab)
  An angel (Zig:13)
  2 quicksilver oozes
  10 ironbound preservers
  A caustic shrike skeleton (Crypt:3)
  A broodmother (Zig:22)
  11 stone giants
  4 war gargoyles
  16 very ugly things
  7 reapers
  2 ironbound thunderhulks
  A demonspawn corrupter (Pan)
  4 apis (Zig:13)
  A stone giant (shapeshifter) (Zig:4)
  3 vampire knights
  3 bunyips
  A lorocyproca (Hell)
  4 demonspawn black suns (Pan)
  Nessos (D:12)
  A bennu (Tomb:2)
  2 putrid mouths
  4 elemental wellsprings (Coc:6)
  3 green draconians
  8 deep elf annihilators
  9 deep elf demonologists
  A halazid warlock (Desolation)
  4 purple draconians
  A red draconian (Zot:3)
  4 black draconians
  5 dire elephants
  7 white draconians
  4 yellow draconians
  A spark wasp (Depths:2)
  9 wendigos
  17 blizzard demons
  4 merfolk javelineers
  2 jiangshi
  2 eidola
  3 deep elf death magi
  7 green deaths
  14 mummy priests
  7 merfolk impalers
  14 ettins
  A crystal guardian (Vaults:3)
  6 iron golems
  9 yaktaur captains
  A ragged hierophant (Desolation)
  18 deep elf high priests
  2 fire dragons (Depths:2)
  22 vault guards (Vaults:5)
  3 salamander tyrants
  8 great orbs of eyes
  4 entropy weavers
  9 ice dragons
  4 hydras
  An ice dragon (shapeshifter) (Zig:15)
  Fannar (Orc:1)
  3 servants of whispers (Desolation)
  2 peacekeepers
  2 catoblepae
  2 caustic shrike simulacra
  5 juggernaut simulacra
  6 ogre magi
  2 fenstrider witch skeletons
  3 hell beasts (Pan)
  3 spriggan air magi (Depths:2)
  A spriggan skeleton (Crypt:1)
  An alligator snapping turtle (Zig:12)
  A merfolk avatar (Shoals:3)
  6 centaur warriors
  A ghost crab (Zig:21)
  2 radroaches (Zig:22)
  A jorogumo (Zig:22)
  8 merfolk aquamancers
  4 ironbound frosthearts
  8 two-headed ogres
  13 dancing weapons
  A two-headed ogre (shapeshifter) (Zig:5)
  A satyr (Zig:12)
  4 hell hogs
  3 alligators
  A stoker (Geh:1)
  A deep troll earth mage (Zig:14)
  86 death scarabs
  7 vampire magi
  2 deep troll shamans
  4 orc high priests
  3 tengu warriors
  A thrashing horror (Abyss:1)
  8 spriggan berserkers
  3 shadow wraiths
  15 deep elf knights
  8 soul eaters
  5 sun demons (Pan)
  4 iron trolls
  A crystal echidna (Dis:7)
  A hell knight (Depths:4)
  10 sixfirhies (Pan)
  A skyshark (Shoals:1)
  4 death drakes
  A quicksilver dragon simulacrum (Coc:6)
  10 skeletal warriors
  3 goliath frogs (Zig:21)
  A cherub (Zig:13)
  2 sun moths (Spider:2)
  9 pharaoh ants
  9 glowing orange brains
  8 shadow demons (Pan)
  A flayed ghost (Zig:10)
  12 deep trolls
  9 sea snakes
  2 bog bodies (Zig:21)
  A spriggan simulacrum (Depths:2)
  9 swamp dragons
  12 deep elf archers
  5 orb spiders
  2 lindwurms
  3 necromancers
  An obsidian statue (Vaults:2)
  12 ironbound convokers
  2 spriggan druids (Zig:21)
  A spectral iron dragon (Tar:3)
  3 phantasmal warriors
  8 wizards
  37 deep elf pyromancers
  8 steelbarb worms
  A swamp dragon (shapeshifter) (Zig:13)
  11 orc knights
  32 deep elf zephyrmancers
  5 shining eyes
  19 harpies
  A mana viper (Zig:16)
  9 wolf spiders
  A faun (shapeshifter) (Zig:15)
  16 ugly things
  11 manticores
  6 fauns
  9 orc sorcerers
  5 cyclopes
  2 black mambas
  A tengu skeleton (Zig:18)
  5 elephants
  4 guardian serpents
  A guardian serpent (shapeshifter) (Zig:13)
  A rust devil (Pan)
  23 moths of wrath
  A naga mage (Zig:16)
  A water nymph (shapeshifter) (Zig:13)
  8 water nymphs
  A storm dragon simulacrum (Zig:8)
  3 eyes of devastation
  5 titan simulacra
  An alligator snapping turtle zombie (Tomb:1)
  6 ice statues
  2 smoke demons (Pan)
  A torpor snail (shapeshifter) (Zig:14)
  9 demonic crawlers
  7 hellions
  Joseph (D:8)
  13 merfolk sirens
  An orange demon (Pan)
  3 cane toads
  10 vault sentinels
  6 torpor snails
  2 molten gargoyles (Geh:7)
  2 naga skeletons
  21 large abominations
  4 rime drakes
  A kobold demonologist (D:14)
  3 unseen horrors
  A centaur skeleton (Tomb:2)
  3 freezing wraiths
  A dire elephant skeleton (Crypt:3)
  2 anaconda simulacra
  5 tormentors
  5 swamp worm zombies (Crypt:3)
  A bunyip simulacrum (Coc:1)
  An ice devil (Zig:20)
  2 tengu conjurers
  4 komodo dragons
  A komodo dragon (shapeshifter) (D:13)
  An ancient zyme (Zig:11)
  32 yaktaurs
  A red draconian skeleton (Crypt:2)
  26 guardian mummies
  A harpy zombie (WizLab)
  2 meliai (Zig:22)
  A polar bear (shapeshifter) (Zig:14)
  10 hellwings
  4 trolls
  2 bloated husks (Zig:21)
  40 merfolk
  A wind drake (Zig:7)
  6 tarantellas
  19 saltlings (Desolation)
  4 blink frogs
  9 snapping turtles
  7 hornets
  2 raiju (Zig:11)
  A fire giant simulacrum (Depths:2)
  A stone giant simulacrum (Coc:2)
  2 centaur simulacra
  7 jumping spiders
  8 flying skulls
  3 air elementals
  Sigmund (D:6)
  39 slime creatures
  7 culicivoras
  11 yaks
  5 ynoxinuls
  24 water elementals
  3 wyverns
  2 naga simulacra
  2 wraiths
  10 ushabtiu
  14 chaos spawn
  A black mamba skeleton (Pan)
  5 spriggans
  A dire elephant simulacrum (Coc:1)
  3 golden eyes
  24 starcursed masses
  An alligator snapping turtle simulacrum (Coc:3)
  2 sea snake simulacra (Shoals:2)
  A death yak simulacrum (Shoals:2)
  A basilisk (shapeshifter) (Elf:1)
  11 small abominations
  2 vampire mosquitoes
  6 neqoxecs
  15 redbacks
  A warg (shapeshifter) (Vaults:5)
  8 wargs
  5 harpy simulacra
  A two-headed ogre zombie (D:11)
  A water moccasin (shapeshifter) (Elf:3)
  A swamp worm (shapeshifter) (Depths:3)
  A hell hound (Abyss:1)
  3 water moccasins
  3 floating eyes
  28 orc warriors
  4 ettin simulacra
  A swamp drake (D:10)
  8 ice beasts
  2 black bears
  A moth of wrath simulacrum (Zot:5)
  2 satyr simulacra (Shoals:2)
  8 boggarts
  19 ogres
  4 wolves
  A centaur (shapeshifter) (Abyss:1)
  A lemure (D:6)
  2 phantoms (D:11)
  A snapping turtle skeleton (Abyss:2)
  17 nameless horrors
  3 bullfrogs
  3 earth elementals
  5 kobold brigands
  3 necrophages (Crypt:1)
  A gnoll sergeant (D:9)
  7 scorpions
  A glowing shapeshifter simulacrum (Zig:20)
  6 wights
  A snapping turtle simulacrum (Shoals:2)
  A troll zombie (D:11)
  A killer bee (D:8)
  4 howler monkeys
  6 electric eels
  A crimson imp (D:10)
  6 centaur zombies (Ossuary)
  A quasit (Abyss:2)
  2 gnoll boudas
  5 hounds
  2 jellies
  9 orc priests
  2 iron imps
  A boggart zombie (Crypt:1)
  2 iguanas
  A scorpion zombie (Ossuary)
  8 orc wizards
  A hell rat (Hell)
  An ogre zombie (D:11)
  28 mummies
  15 gnolls
  3 adders
  2 shadow imps
  2 white imps
  An ufetubus (D:4)
  3 worms (D:4)
  2 dart slugs
  14 orcs
  4 ball pythons
  3 bats
  3 endoplasms
  2 gnoll zombies (Ossuary)
  4 hobgoblins
  24 kobolds
  3 goblin zombies
  A hobgoblin skeleton (D:11)
  A hobgoblin zombie (D:11)
  A kobold zombie (Ossuary)
  An orc skeleton (D:11)
  3 orc zombies
  2 quokka zombies
  3 rats
  13 briar patches
2039 creatures vanquished.

Vanquished Creatures (collateral kills)
  Cerebov (Pan)
  Antaeus (Coc:7)
  Asmodeus (Geh:7)
  the Royal Jelly (Slime:5)
  Ereshkigal (Tar:7)
  Gloorx Vloq (Pan)
  Lom Lobon (Pan)
  Mnoleg (Pan)
  6 dread liches
  Mennas (Pan)
  9 ancient liches
  Mara (Shoals:3)
  4 orbs of fire
  13 juggernauts
  28 royal mummies
  9 shard shrikes
  Parghit (Zot:4)
  Boris (twice) (Crypt:2 Tomb:1)
  The ghost of Kialluamm the Slayer, a veteran DrSu of Gozag (Zot:5)
  8 Killer Klowns
  The ghost of Voruj the Sorcerer, a veteran FoHs of Okawaru (Depths:4)
  Margery (Vaults:5)
  20 caustic shrikes
  2 curse toes (Zot:5)
  Frederick (Depths:4)
  the Enchantress (Depths:2)
  17 golden dragons
  9 profane servitors (Tar:7)
  19 bone dragons
  The ghost of orehx the Damnatio Memoriae, a veteran GnWn of Hepliaklqana (Vaults:4)
  3 electric golems
  2 pearl dragons (Zig:13)
  9 doom hounds
  The ghost of Fuil Foj the Ninja, a veteran SpHu of Okawaru (Depths:2)
  5 pandemonium lords
  10 Brimstone Fiends
  12 Tzitzimimeh
  11 iron giants
  23 tentacled monstrosities
  A spectral shard shrike (Tar:7)
  Mlioglotl (Shoals:3)
  6 hellephants
  10 Hell Sentinels
  Jorgrun (Spider:1)
  Grunn (Depths:2)
  23 Orb Guardians
  6 deep elf blademasters
  14 Ice Fiends
  13 titans
  5 liches
  16 searing wretches
  Asterion (Vaults:3)
  15 tainted leviathans
  4 deep elf master archers
  4 quicksilver dragons
  9 death cobs
  33 ancient champions
  An eldritch tentacle (Pan)
  28 acid blobs
  20 Executioners
  9 sphinxes
  Kirke (Shoals:1)
  8 storm dragons
  A thorn hunter (Zig:21)
  11 tentacled starspawn
  3 shadow dragons
  4 tengu reavers
  6 revenants
  Ilsuiw (Shoals:3)
  29 azure jellies
  12 narguns
  6 demonspawn warmongers
  6 draconian monks
  20 fire giants
  3 spectral caustic shrikes
  7 quicksilver elementals
  15 rockslimes
  2 draconian knights
  4 deep elf sorcerers
  3 daevas (Zig:13)
  7 draconian scorchers
  7 emperor scorpions
  9 ghost moths
  10 iron dragons
  4 orc warlords
  9 vault wardens
  3 draconian shifters
  97 slime creatures
  An angel (Zig:13)
  3 draconian annihilators
  13 frost giants
  6 ghouls
  A spectral juggernaut (Tar:1)
  20 cacodemons
  29 balrugs
  3 draconian stormcallers
  7 shard shrike simulacra
  3 deep elf elementalists
  13 ironbound preservers
  8 demonspawn corrupters
  3 curse skulls
  4 caustic shrike zombies (WizLab)
  A broodmother (Spider:2)
  2 spriggan defenders
  17 stone giants
  11 quicksilver oozes
  13 demonspawn blood saints (Pan)
  4 caustic shrike skeletons (Crypt:3)
  23 very ugly things
  4 ironbound thunderhulks
  11 green draconians
  11 deep elf demonologists
  3 apis (Zig:13)
  20 elemental wellsprings
  3 ophanim
  23 war gargoyles
  19 reapers
  11 vampire knights
  7 demonspawn black suns (Pan)
  An eleionoma (Zig:21)
  5 black draconians
  9 purple draconians
  11 bennus
  A bunyip (Zig:6)
  13 lorocyprocas
  4 white draconians
  4 deep elf annihilators
  5 red draconians
  5 yellow draconians
  A spectral titan (WizLab)
  5 halazid warlocks
  20 putrid mouths
  19 wendigos
  7 spark wasps
  14 dire elephants
  10 eidola
  20 mummy priests
  14 iron golems
  A spectral quicksilver dragon (WizLab)
  14 ettins
  9 deep elf death magi
  A spectral golden dragon (Zot:5)
  2 crystal guardians (Desolation)
  13 jiangshi
  7 entropy weavers
  Josephine (D:15)
  A quicksilver dragon zombie (WizLab)
  7 ragged hierophants (Desolation)
  16 green deaths
  A shambling mangrove (Zig:21)
  13 blizzard demons
  2 fire dragons
  7 merfolk impalers
  A great orb of eyes (shapeshifter) (Vaults:5)
  2 spectral krakens (Tar:7)
  2 spriggan zombies
  A spectral spriggan (Tar:2)
  2 merfolk javelineers
  9 yaktaur captains
  5 deep elf high priests
  10 great orbs of eyes
  5 hydras
  A fenstrider witch zombie (Tomb:3)
  11 vault guards
  5 rakshasas
  3 servants of whispers (Desolation)
  7 juggernaut simulacra
  A merfolk avatar (Shoals:4)
  8 peacekeepers (Desolation)
  5 ice dragons
  9 salamander tyrants
  7 hell beasts
  3 centaur warriors
  2 death knights
  5 ogre magi
  4 stokers
  A fenstrider witch skeleton (Crypt:1)
  2 jorogumos
  6 alligator snapping turtles
  5 boulder beetles
  An ironbound frostheart (Vaults:4)
  Erica (Orc:1)
  2 caustic shrike simulacra
  39 dancing weapons
  6 spriggan skeletons
  3 merfolk aquamancers
  42 death scarabs
  3 radroaches
  A spectral stone giant (Tar:3)
  3 alligators
  7 two-headed ogres
  2 naga warriors (Abyss:2)
  2 tengu warriors
  2 deep troll shamans
  9 orc high priests
  3 titan zombies
  5 vampire magi
  2 death yaks (Shoals:3)
  A spectral naga (Tar:2)
  2 deep troll earth magi
  A shock serpent (shapeshifter) (Zig:15)
  28 hell hogs
  4 thrashing horrors
  Urug (Orc:1)
  10 hell knights
  A spectral storm dragon (Zot:5)
  4 spriggan berserkers
  2 spectral spark wasps
  8 crystal echidnas
  12 deep elf knights
  51 sun demons
  4 titan skeletons
  2 pharaoh ants
  3 iron trolls
  15 wretched stars
  17 soul eaters
  A spectral ghost moth (Zot:5)
  47 skeletal warriors
  A golden dragon zombie (Tomb:3)
  20 sixfirhies (Pan)
  3 sea snakes
  4 skysharks
  A spectral anaconda (Tar:2)
  A fire crab (shapeshifter) (Elf:1)
  A bunyip zombie (Abyss:2)
  A shadow demon (Pan)
  2 quicksilver dragon simulacra
  3 cherubim (Zig:13)
  2 glowing orange brains
  6 flayed ghosts
  A storm dragon skeleton (Crypt:1)
  A spark wasp zombie (WizLab)
  2 golden dragon skeletons
  9 shadow wraiths
  2 kraken simulacra
  6 steelbarb worms
  An anaconda zombie (Tomb:3)
  8 wizards
  A bog body (Crypt:2)
  11 orc knights
  An anaconda skeleton (Crypt:3)
  3 orange crystal statues (Zig:9)
  20 deep trolls
  A fenstrider witch simulacrum (Abyss:2)
  10 deep elf archers
  7 ironbound convokers
  2 swamp dragons (Zig:21)
  10 orb spiders
  4 spriggan simulacra
  A steelbarb worm (shapeshifter) (Zig:17)
  16 phantasmal warriors
  A harpy (shapeshifter) (Zig:17)
  6 harpies
  6 lindwurms
  6 orc sorcerers
  17 deep elf zephyrmancers
  7 necromancers
  Pikel (D:6)
  A shadow dragon skeleton (Zig:18)
  13 deep elf pyromancers
  13 shining eyes
  A fire giant zombie (Crypt:2)
  4 oklob plants (Lair:1)
  32 ugly things
  A shining eye (shapeshifter) (Vaults:5)
  6 cyclopes
  A frost giant zombie (Depths:2)
  5 fauns
  6 manticores
  A spectral alligator snapping turtle (Tar:2)
  A sphinx skeleton (Zig:18)
  17 moths of wrath
  6 guardian serpents
  4 apocalypse crabs
  A salamander (D:15)
  17 wolf spiders
  A cyclops (shapeshifter) (Zig:14)
  2 worldbinders
  11 elephants
  A draconian skeleton (Crypt:2)
  A naga zombie (Crypt:2)
  Maurice (Orc:2)
  4 ice statues
  An iron dragon skeleton (Pan)
  2 spectral centaurs
  6 black mambas
  4 rust devils
  A stone giant skeleton (Vaults:4)
  6 vault sentinels
  9 eyes of devastation
  14 demonic crawlers
  3 centaur skeletons
  26 orange demons
  3 water nymphs
  An eye of devastation (shapeshifter) (Zig:14)
  8 molten gargoyles
  4 merfolk sirens
  3 titan simulacra
  40 smoke demons
  23 hellions
  9 cane toads
  A minotaur zombie (Crypt:3)
  A dire elephant skeleton (Pan)
  9 freezing wraiths
  8 spectral swamp worms (Tar:7)
  5 komodo dragons
  2 efreet (Pan)
  A yaktaur zombie (Vaults:4)
  6 nameless horrors
  An alligator snapping turtle skeleton (Hell)
  20 yaktaurs
  35 guardian mummies
  7 tormentors
  3 swamp worm zombies (Crypt:3)
  A golden dragon simulacrum (Coc:7)
  2 bunyip simulacra
  An anaconda simulacrum (Coc:7)
  4 iron giant simulacra
  3 tengu conjurers
  5 spectral harpies
  11 ice devils
  A tyrant leech (Zig:21)
  9 red devils
  A spectral moth of wrath (Zot:5)
  A grey draconian skeleton (Crypt:2)
  A harpy zombie (Abyss:1)
  47 large abominations
  6 meliai
  A polar bear (shapeshifter) (Elf:2)
  A spectral deep troll (Tar:2)
  8 ancient zymes
  A hydra zombie (Crypt:1)
  21 merfolk
  A queen bee (Lair:4)
  4 wind drakes
  7 trolls
  A tengu simulacrum (Coc:1)
  25 hellwings
  50 saltlings (Desolation)
  8 hornets
  A sphinx simulacrum (Zig:20)
  18 tarantellas
  A polar bear (Lair:5)
  8 snapping turtles
  11 blink frogs
  5 raiju
  5 iron dragon simulacra
  2 ettin zombies
  3 draconian simulacra (Zot:5)
  2 harpy skeletons
  18 jumping spiders
  A boulder beetle zombie (Crypt:3)
  A great orb of eyes zombie (Crypt:1)
  5 dream sheep (Lair:3)
  12 flying skulls
  A stone giant simulacrum (Coc:1)
  A spectral black mamba (Tar:1)
  2 ettin skeletons
  2 spriggans
  2 shadows
  5 air elementals
  20 ynoxinuls
  20 culicivoras
  14 water elementals
  3 dire elephant simulacra
  6 hogs (Shoals:1)
  8 ushabtiu
  12 wraiths
  3 alligator snapping turtle simulacra
  35 yaks
  7 wyverns
  3 basilisks
  9 golden eyes
  A wind drake zombie (Crypt:2)
  25 neqoxecs
  14 starcursed masses
  A black mamba skeleton (Hell)
  A fire bat (Abyss:1)
  3 steam dragons
  8 fire elementals
  21 chaos spawn
  2 sea snake simulacra (Shoals:2)
  27 small abominations
  3 death yak simulacra
  37 redbacks
  5 vampire mosquitoes
  4 wargs
  A redback (shapeshifter) (Elf:1)
  Menkaure (D:7)
  11 harpy simulacra
  A fire bat zombie (Crypt:2)
  An entropy weaver zombie (Vaults:4)
  2 hydra simulacra
  An acid dragon (Lair:5)
  2 moth of wrath simulacra (Zot:5)
  A naga skeleton (Crypt:3)
  A demonspawn skeleton (Crypt:3)
  7 hell hounds
  10 water moccasins
  7 floating eyes
  An ice beast (Zig:20)
  8 ettin simulacra
  31 orc warriors
  8 ogres
  12 wolves
  9 centaurs
  A lemure (D:6)
  A lindwurm skeleton (Crypt:2)
  4 kobold brigands
  A salamander zombie (Crypt:3)
  An elf zombie (Crypt:2)
  5 naga simulacra
  A scorpion (Ossuary)
  3 merfolk simulacra (Shoals:2)
  4 bullfrogs
  5 earth elementals
  A faun simulacrum (Shoals:2)
  2 necrophages
  21 wights
  3 troll zombies (D:11)
  A queen bee zombie (Crypt:1)
  28 killer bees
  A snapping turtle simulacrum (Shoals:2)
  3 manticore simulacra (Shoals:2)
  A polar bear skeleton (Crypt:2)
  7 electric eels
  2 howler monkeys
  A howler monkey (shapeshifter) (Vaults:5)
  A crimson imp (Abyss:1)
  2 centaur zombies (Ossuary)
  3 quasits (Abyss:2)
  A jelly (Lair:4)
  A bullfrog skeleton (Crypt:3)
  16 orc priests
  2 cyclops simulacra (Shoals:2)
  6 hounds
  An iron imp (Abyss:1)
  A sleepcap (D:6)
  2 iguanas (D:5)
  11 orc wizards
  3 hell rats (Hell)
  A scorpion zombie (Ossuary)
  A polar bear simulacrum (IceCv)
  2 ogre zombies (D:11)
  3 centaur simulacra
  25 mummies
  10 gnolls
  3 adders
  A swamp drake zombie (Crypt:1)
  A shadow imp (D:5)
  5 white imps
  3 ufetubi (Abyss:1)
  An iguana zombie (Crypt:1)
  2 worms (D:3)
  33 orcs
  6 bats
  An endoplasm (D:1)
  3 giant cockroaches
  5 goblins
  2 hobgoblins
  3 jackals (D:2)
  29 kobolds
  2 quokkas (D:5)
  2 ball pythons
  6 frilled lizards
  2 gnoll zombies (Ossuary)
  2 goblin skeletons (D:11)
  5 goblin zombies
  4 hobgoblin zombies (D:11)
  A kobold zombie (Ossuary)
  3 orc skeletons (D:11)
  10 orc zombies
  A rat (D:1)
  A rat skeleton (Crypt:2)
  A rat zombie (D:5)
  2 briar patches (Zig:21)
  4 creeping infernos (Geh:7)
  18 fire vortices
  A lurking horror (Abyss:2)
  6 starspawn tentacles
  4 tentacles
3492 creatures vanquished.

Vanquished Creatures (others)
  A pandemonium lord (Zig:9)
  A tentacled monstrosity (Zig:21)
  A draconian knight (Zig:8)
  A blizzard demon (Pan)
  A centaur warrior (D:11)
  2 caustic shrike simulacra
  2 juggernaut simulacra (Coc:7)
  A boulder beetle (Lair:1)
  An alligator (Zig:21)
  A thrashing horror (Abyss:1)
  2 deep elf knights (Elf:2)
  A death drake (Zig:21)
  A wizard (Pan)
  3 quicksilver dragon simulacra
  A fenstrider witch simulacrum (Coc:1)
  A necromancer (Vaults:5)
  A harpy (Zig:12)
  A deep elf pyromancer (Elf:1)
  4 elephants
  3 tormentors
  A troll (D:9)
  A saltling (Desolation)
  2 iron dragon simulacra
  2 water elementals
  2 jumping spiders (Spider:1)
  3 yaks
  A spriggan (Zig:21)
  A culicivora (Spider:1)
  A neqoxec (Pan)
  A death yak simulacrum (IceCv)
  A redback (Spider:1)
  A chaos spawn (Zig:17)
  2 harpy simulacra
  A floating eye (Elf:2)
  An elephant zombie (Lair:2)
  A bullfrog (Lair:1)
  A small abomination (Abyss:1)
  A scorpion (Ossuary)
  A cane toad simulacrum (IceCv)
  2 yak zombies (Lair:2)
  A killer bee (D:10)
  An electric eel (D:9)
  A hound (D:9)
  An orc wizard (D:10)
  A hell rat (Hell)
  A polar bear simulacrum (IceCv)
  2 gnolls (D:4)
  An orc (D:10)
  A quokka (D:3)
  A kobold (D:4)
  2 orc zombies (Orc:1)
  6 ball lightnings
  A block of ice (Pan)
  7 briar patches (Zig:21)
  A creeping inferno (Geh:2)
  2 demonic plants (Pan)
  66 fire vortices
  31 fungi
  2 lurking horrors
  168 plants
  3 snaplasher vines (Tomb:2)
  20 starspawn tentacles
  10 tentacles
  3 withered plants (Desolation)
390 creatures vanquished.

Grand Total: 5921 creatures vanquished

Notes
Turn   | Place    | Note
-------+----------+-------------------------------------------
     0 | D:1      | jazmu the Demigod Summoner began the quest for the Orb.
     0 | D:1      | Reached XP level 1. HP: 14/14 MP: 5/5
   281 | D:1      | Reached XP level 2. HP: 19/20 MP: 2/7
   551 | D:1      | Learned a level 2 spell: Call Imp
  1377 | D:2      | Reached XP level 3. HP: 25/26 MP: 7/9
  2221 | D:3      | Found Dilu's Antique Armour Shoppe.
  2244 | D:3      | Reached XP level 4. HP: 17/33 MP: 6/12
  2566 | D:3      | Found Qaimuts's Armour Boutique.
  2835 | D:3      | Learned a level 4 spell: Summon Lightning Spire
  2891 | D:4      | Identified the +7 halberd "Bocepneo" {speed, Fragile Str+9
                  | Dex+4}
  2941 | D:4      | Reached skill level 1 in Air Magic
  2971 | D:4      | Reached XP level 5. HP: 38/38 MP: 9/14
  3092 | D:4      | Noticed a black bear
  3101 | D:4      | Killed a black bear
  3102 | D:4      | Reached XP level 6. HP: 40/45 MP: 11/15
  3721 | D:4      | Reached XP level 7. HP: 41/50 MP: 10/17
  3785 | D:4      | Learned a level 3 spell: Summon Guardian Golem
  3807 | D:4      | Reached skill level 5 in Summonings
  3809 | D:4      | Reached skill level 5 in Spellcasting
  4334 | D:3      | Bought an ichor-stained helmet for 228 gold pieces
  4334 | D:3      | Identified the +1 helmet of Xialleyry {Harm +Blink Str-5
                  | Dex-5} (You bought it in a shop on level 3 of the Dungeon)
  4353 | D:5      | Entered Level 5 of the Dungeon
  4430 | D:5      | Reached XP level 8. HP: 56/57 MP: 9/20
  4514 | D:5      | Found a staircase to the Ecumenical Temple.
  4608 | D:5      | Found a sand-covered staircase.
  4624 | Ossuary  | Entered an ossuary
  4875 | Ossuary  | Reached skill level 1 in Fighting
  4875 | Ossuary  | Reached skill level 1 in Polearms
  5551 | D:6      | Reached XP level 9. HP: 70/70 MP: 15/22
  5713 | D:6      | Noticed Sigmund
  5866 | D:6      | Killed Sigmund
  6138 | D:6      | Noticed Pikel
  6175 | D:6      | Killed Pikel
  6176 | D:6      | Reached skill level 5 in Fighting
  6176 | D:6      | Reached skill level 5 in Polearms
  6660 | D:6      | Found Marym's Antique Weapon Boutique.
  7109 | D:7      | Noticed Menkaure
  7115 | D:7      | Killed Menkaure
  8630 | D:8      | Noticed Joseph
  9024 | D:8      | Reached XP level 10. HP: 83/83 MP: 17/24
  9145 | D:8      | Killed Joseph
  9409 | D:8      | Found Raxt's Book Shop.
  9435 | D:8      | Found Morag's Assorted Antiques.
  9530 | D:8      | Found Oran's Weapon Emporium.
  9732 | D:8      | Found Netimi's Antique Armour Shoppe.
  9835 | D:8      | Found Xiymom's Jewellery Shoppe.
 10412 | D:9      | Noticed a two-headed ogre
 10422 | D:9      | Killed a two-headed ogre
 10530 | D:9      | Found a staircase to the Lair.
 10543 | Lair:1   | Entered Level 1 of the Lair of Beasts
 10593 | Lair:1   | Noticed a boulder beetle
 10615 | Lair:1   | Killed a boulder beetle
 10888 | Lair:1   | Noticed an oklob plant
 10912 | Lair:1   | Reached XP level 11. HP: 49/89 MP: 12/28
 11829 | Lair:2   | Found a staircase to the Shoals.
 11829 | Lair:2   | Noticed a harpy
 11829 | Lair:2   | Noticed a harpy
 11843 | Lair:2   | Found a frozen archway.
 11867 | IceCv    | Entered an ice cave
 11882 | IceCv    | Reached skill level 10 in Summonings
 11907 | IceCv    | Reached skill level 10 in Spellcasting
 12589 | Lair:2   | Learned a level 4 spell: Animate Dead
 12612 | Lair:2   | Reached skill level 1 in Necromancy
 12834 | Lair:2   | Reached skill level 5 in Necromancy
 13066 | Lair:2   | Noticed a harpy
 13080 | Lair:2   | Killed a harpy
 13081 | Lair:2   | Killed a harpy
 13088 | Lair:2   | Killed a harpy
 13568 | Lair:3   | Reached XP level 12. HP: 72/96 MP: 26/30
 13951 | Lair:3   | Found a hole to the Spider Nest.
 14493 | Lair:3   | Reached skill level 10 in Necromancy
 14655 | Lair:3   | Identified the +3 short sword "Dofaemipt" {flame, rC-
                  | Will+++ Str-5 Stlth+}
 15334 | D:8      | Bought the +4 Cigotuvi's embrace {Corpsefed rMiasma Drain
                  | rN+} for 690 gold pieces
 15334 | D:8      | Found the +4 Cigotuvi's embrace {Corpsefed rMiasma Drain
                  | rN+}
 15478 | D:9      | Identified the ring "Onkecliu" {rPois Str+4}
 15844 | D:10     | Entered Level 10 of the Dungeon
 16189 | D:9      | Reached skill level 1 in Armour
 16334 | D:10     | Found Bofisauf's Antique Armour Shop.
 17492 | D:11     | Found a staircase to the Orcish Mines.
 17831 | Orc:1    | Entered Level 1 of the Orcish Mines
 17831 | Orc:1    | Noticed Urug
 17838 | Orc:1    | Killed Urug
 17909 | Orc:1    | Noticed Fannar
 17911 | Orc:1    | Reached XP level 13. HP: 68/102 MP: 18/32
 18253 | Lair:1   | Identified a scroll of acquirement
 18255 | Lair:1   | Acquired 1207 gold pieces
 18364 | D:3      | Bought the +3 pair of mountain boots {steadfast, rC+} for
                  | 469 gold pieces
 18364 | D:3      | Found the +3 pair of mountain boots {steadfast, rC+}
 18554 | D:8      | Bought a cloak for 112 gold pieces
 18786 | D:11     | Learned a level 3 spell: Mephitic Cloud
 19525 | D:8      | Bought a book of Blood for 364 gold pieces
 19533 | D:8      | Learned a level 7 spell: Summon Hydra
 20322 | D:12     | Noticed Nessos
 20494 | D:12     | Killed Nessos
 23126 | D:14     | Reached skill level 1 in Evocations
 23468 | D:14     | Found a gate to the Vaults.
 24778 | Lair:1   | Gained mutation: Your muscles are strong. (Str +4, Int/Dex
                  | -1) [potion of mutation]
 24778 | Lair:1   | Lost mutation: Your muscles are strong. (Str +4, Int/Dex
                  | -1) [potion of mutation]
 24778 | Lair:1   | Gained mutation: Your system is resistant to poisons.
                  | (rPois) [potion of mutation]
 24819 | Lair:1   | Learned a level 4 spell: Olgreb's Toxic Radiance
 24911 | Lair:4   | Found a staircase to the Slime Pits.
 24978 | Lair:4   | Reached skill level 1 in Poison Magic
 25017 | Lair:4   | Upgraded the game from 0.30-a0-1043-g60ff8d5f49 to
                  | 0.30-a0-1050-g2766ea1e55
 25404 | Lair:4   | Reached XP level 14. HP: 110/110 MP: 32/34
 25884 | Lair:5   | Entered Level 5 of the Lair of Beasts
 25913 | Lair:5   | Reached skill level 5 in Poison Magic
 26300 | Slime:1  | Entered Level 1 of the Pits of Slime
 26300 | Slime:1  | Noticed a rockslime
 26862 | D:8      | Bought a book of Unlife for 468 gold pieces
 26868 | D:8      | Learned a level 5 spell: Borgnjor's Vile Clutch
 27219 | D:15     | Entered Level 15 of the Dungeon
 27337 | D:15     | Reached skill level 1 in Earth Magic
 28793 | D:15     | Found a staircase to the Depths.
 28825 | D:15     | Noticed Josephine
 28840 | D:15     | Killed Josephine
 29259 | Orc:1    | Killed Fannar
 29260 | Orc:1    | Reached skill level 5 in Earth Magic
 29482 | Orc:2    | Entered Level 2 of the Orcish Mines
 29501 | Orc:1    | Noticed Erica
 29508 | Orc:1    | Killed Erica
 29883 | Orc:2    | Found a staircase to the Elven Halls.
 30088 | Orc:2    | Noticed Maurice
 30098 | Orc:2    | Killed Maurice
 30369 | Orc:2    | Found Ysmer's Assorted Antiques.
 30384 | Orc:2    | Paralysed by an orc sorcerer for 2 turns
 30810 | Orc:2    | Reached skill level 15 in Summonings
 30823 | Orc:2    | Reached XP level 15. HP: 93/115 MP: 25/35
 30906 | Orc:2    | Found Weinufae's General Store.
 30907 | Orc:2    | Found Qedacate's Magic Scroll Shop.
 30911 | Orc:2    | Found Catasit's Distillery.
 30929 | Orc:2    | Bought a twisted cloak for 266 gold pieces
 30929 | Orc:2    | Identified the +0 cloak "Zisy" {rF++ Int-2} (You bought it
                  | in a shop on level 2 of the Orcish Mines)
 30933 | Orc:2    | Bought a scroll of identify for 28 gold pieces
 30933 | Orc:2    | Bought a scroll of identify for 28 gold pieces
 30933 | Orc:2    | Bought a scroll of identify for 28 gold pieces
 30933 | Orc:2    | Bought a scroll of identify for 28 gold pieces
 30933 | Orc:2    | Bought a scroll of identify for 28 gold pieces
 30946 | Orc:2    | Bought a scarf of resistance for 352 gold pieces
 31199 | Spider:1 | Entered Level 1 of the Spider Nest
 31366 | Spider:1 | Noticed Jorgrun
 31380 | Spider:1 | Killed Jorgrun
 31388 | Spider:1 | Noticed Frances
 31554 | Lair:3   | Killed Frances
 31792 | Spider:1 | Noticed Donald
 31803 | Spider:1 | Killed Donald
 34847 | Spider:2 | Learned a level 7 spell: Haunt
 36101 | Shoals:1 | Entered Level 1 of the Shoals
 36170 | Shoals:1 | Reached skill level 1 in Shields
 36895 | Shoals:1 | Noticed a kraken
 37245 | Shoals:2 | Found a runed translucent gate.
 37246 | Shoals:2 | Found a runed translucent gate.
 37247 | Shoals:2 | Found a runed translucent gate.
 37340 | Shoals:2 | Reached skill level 5 in Shields
 37758 | Shoals:2 | Reached XP level 16. HP: 107/123 MP: 17/38
 38078 | Shoals:3 | Found Kougg's Antique Weapon Shoppe.
 38303 | Shoals:3 | Noticed Polyphemus
 38308 | Shoals:3 | Noticed Mlioglotl
 38320 | Shoals:3 | Killed Polyphemus
 38321 | Shoals:3 | Noticed Ilsuiw
 38967 | Shoals:3 | Noticed a tentacled starspawn
 38972 | Shoals:3 | Killed Mlioglotl
 39193 | Shoals:4 | Entered Level 4 of the Shoals
 39310 | Shoals:3 | Killed Ilsuiw
 39491 | Shoals:3 | Learned a level 5 spell: Fireball
 39644 | Shoals:3 | Reached skill level 1 in Conjurations
 39644 | Shoals:3 | Reached skill level 1 in Fire Magic
 39895 | Shoals:4 | Found Rusitigh's Antique Armour Boutique.
 39911 | Shoals:4 | Noticed Mara
 39918 | Shoals:4 | Noticed jazmu's illusion
 39924 | Shoals:3 | Noticed jazmu's illusion
 40172 | Shoals:3 | Noticed jazmu's illusion
 41005 | Shoals:4 | Found Dinogeh's Vocational Training.
 41019 | Shoals:4 | Found Esker's Magic Scroll Shoppe.
 41059 | Shoals:4 | Bought a scroll of amnesia for 60 gold pieces
 41290 | Shoals:4 | Got Zonian Woy's Precepts of Doom
 41430 | Shoals:4 | HP: 3/120 [merfolk aquamancer/torrent of water (27)]
 42210 | Shoals:4 | Found Gun Qavva's Antique Armour Shoppe.
 42228 | Shoals:4 | Reached skill level 5 in Conjurations
 42340 | Shoals:4 | Got a barnacled rune of Zot
 42626 | Shoals:1 | Noticed Kirke
 43226 | Vaults:1 | Entered Level 1 of the Vaults
 44031 | Vaults:1 | Noticed a sphinx
 44037 | Vaults:1 | Killed a sphinx
 44038 | Vaults:1 | Reached XP level 17. HP: 128/128 MP: 0/40
 44874 | Vaults:1 | Found Xomad's Armour Boutique.
 45064 | Vaults:1 | Reached skill level 10 in Conjurations
 45597 | Vaults:1 | Noticed a golden dragon
 45622 | Vaults:1 | Killed a golden dragon
 46156 | Vaults:2 | Found the amulet of Vitality {RegenMP++ Regen++}
 46221 | Vaults:2 | Found a staircase to the Crypt.
 47877 | Vaults:1 | Bought the +1 pair of gloves of Midwinter {rN++ Int+7
                  | Dex-3} for 566 gold pieces
 47956 | Vaults:1 | Learned a level 7 spell: Spellforged Servitor
 48201 | Vaults:3 | Reached skill level 15 in Spellcasting
 48259 | Vaults:3 | Noticed Boris
 48474 | Vaults:3 | Reached XP level 18. HP: 109/135 MP: 41/42
 48859 | Vaults:3 | Noticed Asterion
 48869 | Vaults:3 | Killed Asterion
 48966 | Vaults:3 | Killed Boris
 50153 | Vaults:1 | Bought a +0 helmet of intelligence for 184 gold pieces
 50673 | Vaults:3 | Learned a level 8 spell: Summon Horrible Things
 50735 | Vaults:4 | Found a runed translucent gate.
 50735 | Vaults:4 | Found a runed translucent gate.
 50735 | Vaults:4 | Found a runed translucent gate.
 50736 | Vaults:4 | Noticed orehx's ghost (veteran GnWn)
 50896 | Vaults:4 | Paralysed by an ogre mage for 4 turns
 51967 | Vaults:4 | Identified the +6 plate armour of Tulips {+Blink rPois}
 52032 | Vaults:4 | Reached skill level 10 in Shields
 52293 | Vaults:4 | Reached XP level 19. HP: 110/141 MP: 45/45
 52612 | D:14     | Acquired the +0 kite shield "Tudee" {Int+6}
 52724 | D:14     | Acquired 918 gold pieces
 53078 | Depths:1 | Entered Level 1 of the Depths
 53112 | Depths:1 | Identified the +1 cloak "Nammy" {Will+ Int+3}
 53301 | Depths:1 | Found a one-way gate to the infinite horrors of the Abyss.
 53692 | Depths:1 | Found a gateway to Hell.
 53822 | Depths:2 | Noticed Grunn
 53822 | Depths:2 | Noticed a doom hound
 53823 | Depths:2 | Noticed a doom hound
 54076 | Depths:2 | Found a runed translucent door.
 54076 | Depths:2 | Noticed Fuil Foj's ghost (veteran SpHu)
 54119 | Depths:2 | Killed Fuil Foj's ghost
 54240 | Depths:2 | Found a one-way gate leading to the halls of Pandemonium.
 54279 | Depths:2 | Noticed a doom hound
 54286 | Depths:2 | Killed a doom hound
 54290 | Depths:2 | Noticed a bone dragon
 54294 | Depths:2 | Noticed the Enchantress
 54296 | Depths:2 | Noticed a Tzitzimitl
 54413 | Depths:2 | Killed a bone dragon
 54452 | Depths:2 | Killed a Tzitzimitl
 54692 | Depths:2 | Killed Grunn
 54694 | Depths:2 | Killed a doom hound
 54698 | Depths:2 | Killed a doom hound
 54935 | Depths:2 | Killed the Enchantress
 55209 | Depths:2 | Found Uzeekh's Book Emporium.
 55210 | Depths:2 | Found Neukuh's Jewellery Shop.
 55212 | Depths:2 | Found Jaykivvu's Book Emporium.
 55691 | Depths:3 | Found Ecazxat's Distillery.
 55744 | Depths:3 | Noticed a golden dragon
 55756 | Depths:3 | Killed a golden dragon
 55823 | Depths:3 | Found a flickering gateway to a bazaar.
 55835 | Bazaar   | Entered a bazaar
 55835 | Bazaar   | Found Woso's Antique Armour Shoppe.
 55835 | Bazaar   | Found Geikid's Jewellery Emporium.
 55838 | Bazaar   | Found Giruqengu's Book Emporium.
 55843 | Bazaar   | Found Fodoc's Jewellery Shoppe.
 55869 | Bazaar   | Bought the ring of Feaxof {Wiz Dex+3} for 476 gold pieces
 55997 | Depths:3 | Reached XP level 20. HP: 148/148 MP: 47/47
 56153 | Depths:3 | Noticed a juggernaut
 56164 | Depths:3 | Killed a juggernaut
 56278 | Depths:3 | Found a one-way gateway to a ziggurat.
 56980 | Depths:4 | Entered Level 4 of the Depths
 57101 | Depths:4 | Noticed a juggernaut
 57109 | Depths:4 | Killed a juggernaut
 57273 | Depths:4 | Noticed Frederick
 57279 | Depths:4 | Killed Frederick
 57355 | Depths:4 | Found a transporter.
 57360 | Depths:4 | Found a transporter.
 57361 | Depths:4 | Noticed Voruj's ghost (veteran FoHs)
 57362 | Depths:4 | Identified the +1 great mace "Liucw" {freeze, rElec rPois
                  | Stlth+}
 57402 | Depths:4 | Paralysed by a vampire knight for 2 turns
 57408 | Depths:4 | Noticed a golden dragon
 57437 | Depths:4 | Killed a golden dragon
 57647 | Depths:4 | Noticed a bone dragon
 57650 | Depths:4 | Noticed a bone dragon
 57664 | Depths:4 | Killed a bone dragon
 57667 | Depths:4 | Killed a bone dragon
 57672 | Depths:4 | Noticed a golden dragon
 57778 | Depths:4 | Killed a golden dragon
 57812 | Depths:4 | Found a gate to the Realm of Zot.
 58077 | Depths:4 | Identified the +9 hand axe of Intimidation {heavy, *Noise
                  | rCorr Int+4 SInv}
 58080 | Depths:4 | Identified the +7 hand axe "Porr" {freeze, Fragile rPois
                  | rN+ Str+3}
 58446 | Shoals:1 | Killed Kirke
 58542 | Shoals:2 | Reached skill level 15 in Shields
 58719 | Shoals:3 | Noticed jazmu's illusion
 58719 | Shoals:3 | Killed Mara
 58989 | Elf:1    | Entered Level 1 of the Elven Halls
 59059 | Elf:1    | Found a crumbling gateway.
 59068 | Desolati | Entered the Desolation of Salt
 59139 | Desolati | Identified the amulet of Harmony {Reflect Will++ SH+5}
 59174 | Desolati | Identified the ring "Irudwel" {EV+5 Dex+4}
 59209 | Desolati | Identified the +10 crystal plate armour of Gurag {rPois
                  | rC+}
 59216 | Desolati | Identified the +2 buckler "Geelyita" {Rampage rElec Will+
                  | Int+3}
 59611 | Desolati | Got the Lessons on Imprecation
 59877 | Desolati | Identified the staff of earth "Noxuc" {rElec Stlth+}
 59884 | Desolati | Reached XP level 21. HP: 155/155 MP: 50/50
 59885 | Desolati | Identified the +6 trident "Lacertilianslayer" {flame, rN+
                  | Str+3}
 59977 | Desolati | Identified the +2 war axe of the Enormous God {drain, rF-
                  | rN+ Str+4}
 59980 | Desolati | Identified the +3 ring mail of Ventok {+Inv rF+++ Will-
                  | Regen+}
 60506 | Elf:1    | Got Amir's Lessons on Assembling
 60521 | Elf:1    | Learned a level 9 spell: Dragon's Call
 60903 | Elf:2    | Reached skill level 5 in Dodging
 60985 | Elf:2    | Paralysed by a floating eye for 4 turns
 61061 | Elf:2    | Found a runed translucent gate.
 61062 | Elf:2    | Found a runed translucent gate.
 61062 | Elf:2    | Found a runed translucent gate.
 61093 | Elf:2    | Found a magical portal.
 61098 | WizLab   | Entered Borgnjor's Mausoleum
 61342 | WizLab   | Identified the ring "Cufanyfo" {Ice Slay+5}
 61468 | WizLab   | Got the Folio of the Dead
 61976 | Elf:2    | Reached skill level 1 in Transmutations
 62442 | Elf:3    | Entered Level 3 of the Elven Halls
 62539 | Elf:3    | Found Vyquroug's Gadget Gallery.
 62555 | Elf:3    | Bought a condenser vane for 680 gold pieces
 62594 | Elf:3    | Paralysed by an air elemental for 1 turns
 62598 | Elf:3    | Paralysed by an air elemental for 1 turns
 62832 | Elf:3    | Paralysed by an air elemental for 1 turns
 63073 | Elf:3    | Identified the +1 leather armour of the Ageless Servitors
                  | {Int+4 Dex+2}
 63073 | Elf:3    | Identified the ring "Dosoopua" {rPois rCorr Str+2 Dex+3}
 63222 | Elf:3    | Identified the ring "Jetecsomn" {rCorr Str+4}
 63285 | Elf:3    | Identified the +6 sling of Nuesaick {heavy, Dex+4}
 63441 | Elf:3    | Found the +9 sword of Zonguldrok {reap}
 63455 | Elf:3    | Reached skill level 5 in Transmutations
 63455 | Elf:3    | Reached XP level 22. HP: 161/161 MP: 23/51
 63469 | Elf:3    | Identified the ring "Wutoown" {rPois rN+ rCorr SInv}
 63496 | Elf:3    | Acquired 782 gold pieces
 63541 | Elf:3    | Identified the +7 mace "Huofonk" {protect, Str+2}
 63545 | Elf:3    | Identified the +1 buckler of the Earth {rF- rN+ Dex+4}
 64517 | Crypt:1  | Entered Level 1 of the Crypt
 65361 | Crypt:2  | Noticed Boris
 65369 | Crypt:2  | Killed Boris
 65479 | Crypt:2  | Found the +8 Vampire's Tooth {megavamp}
 65696 | Crypt:2  | Noticed Jory
 65706 | Crypt:2  | Killed Jory
 65758 | Crypt:2  | Learned a level 8 spell: Necromutation
 66023 | Crypt:2  | Identified the +5 hand crossbow of Anguish {flame, rPois
                  | Int+2}
 66391 | Crypt:3  | Entered Level 3 of the Crypt
 66391 | Crypt:3  | Found a staircase to the Tomb.
 66675 | Crypt:3  | Reached skill level 10 in Transmutations
 66793 | Crypt:3  | Identified the +5 war axe of Zin, Jumping {protect, rF+
                  | Int+3}
 66871 | Crypt:3  | Noticed Boris
 66877 | Crypt:3  | Killed Boris
 66953 | Crypt:3  | Noticed a dread lich
 66957 | Crypt:3  | Killed a dread lich
 66971 | Crypt:3  | Identified the ring of Siugig {rCorr MP+9}
 66999 | Crypt:3  | Got Ufejer's Folio of the Combined Snake
 67474 | Crypt:3  | Noticed a curse toe
 67479 | Crypt:3  | Killed a curse toe
 67790 | Crypt:3  | Reached XP level 23. HP: 168/168 MP: 44/52
 68336 | Depths:4 | Killed Voruj's ghost
 68359 | Depths:4 | Identified the ring "Ryxkun" {rPois Str+6}
 68683 | D:8      | Bought an Everburning Encyclopedia for 468 gold pieces
 68683 | D:8      | Upgraded the game from 0.30-a0-1050-g2766ea1e55 to
                  | 0.30-a0-1053-gbd8d5ba0ad
 68764 | Lair:1   | Learned a level 5 spell: Summon Forest
 68895 | Spider:3 | Reached skill level 5 in Fire Magic
 69448 | Spider:4 | Entered Level 4 of the Spider Nest
 69480 | Spider:4 | Identified the +8 hand axe "Ceasette" {drain, Int+3}
 70058 | Spider:4 | Got a gossamer rune of Zot
 70710 | Slime:1  | Reached skill level 10 in Fire Magic
 72057 | Slime:5  | Entered Level 5 of the Pits of Slime
 72106 | Slime:5  | Noticed the Royal Jelly
 72123 | Slime:5  | Killed the Royal Jelly
 72260 | Slime:5  | Got a slimy rune of Zot
 72267 | Slime:5  | Identified the +10 hand crossbow of Jaunit {speed, Will+
                  | Int+3}
 72282 | Slime:5  | Got the Treatise on the Coals and Angles
 72284 | Slime:5  | Got the Codex of Petrous Configuration
 72306 | Slime:5  | Identified the staff of earth "Joss" {Dex+5 Stlth-}
 72311 | Slime:5  | Identified the staff of death "Kekhafurr" {rN+ Str+6}
 72746 | Lair:4   | Learned a level 8 spell: Ignition
 73091 | Zot:1    | Entered Level 1 of the Realm of Zot
 73255 | Zot:1    | Reached XP level 24. HP: 174/174 MP: 36/52
 73856 | Zot:1    | Reached skill level 15 in Fire Magic
 74831 | Zot:3    | Noticed an orb of fire
 74848 | Zot:3    | Killed an orb of fire
 75060 | Zot:3    | Reached skill level 10 in Dodging
 75649 | Zot:4    | Reached skill level 10 in Fighting
 75874 | Zot:4    | Noticed Parghit
 75892 | Zot:4    | Killed Parghit
 76425 | Zot:5    | Entered Level 5 of the Realm of Zot
 76743 | Zot:5    | Found a runed translucent gate.
 76743 | Zot:5    | Found a runed translucent gate.
 76743 | Zot:5    | Found a runed translucent gate.
 76746 | Zot:5    | Noticed an ancient lich
 76747 | Zot:5    | Noticed Kialluamm's ghost (veteran DrSu)
 76949 | Zot:5    | Killed Kialluamm's ghost
 76965 | Zot:5    | Killed an ancient lich
 76984 | Zot:5    | Identified the amulet "Diricath" {Acrobat rCorr Dex+2}
 77046 | Zot:5    | Noticed an ancient lich
 77062 | Zot:5    | Noticed a dread lich
 77062 | Zot:5    | Killed an ancient lich
 77065 | Zot:5    | Killed a dread lich
 77073 | Zot:5    | Reached skill level 5 in Armour
 77181 | Zot:5    | Reached XP level 25. HP: 202/202 MP: 39/52
 77295 | Zot:5    | Noticed an orb of fire
 77314 | Zot:5    | Killed an orb of fire
 77410 | Zot:5    | Noticed an orb of fire
 77418 | Zot:5    | Killed an orb of fire
 77491 | Zot:5    | Noticed an orb of fire
 77496 | Zot:5    | Noticed an ancient lich
 77501 | Zot:5    | Noticed a dread lich
 77523 | Zot:5    | Killed an ancient lich
 77547 | Zot:5    | Killed an orb of fire
 77551 | Zot:5    | Killed a dread lich
 77639 | Zot:5    | Noticed a dread lich
 77646 | Zot:5    | Killed a dread lich
 78499 | Vaults:4 | Killed orehx's ghost
 78665 | Vaults:5 | Entered Level 5 of the Vaults
 78687 | Vaults:5 | Noticed Margery
 78694 | Vaults:5 | Killed Margery
 78968 | Vaults:5 | Got Sif Muna's Quarto of Places and Changes
 79010 | Vaults:5 | Got a silver rune of Zot
 79076 | Vaults:5 | Reached XP level 26. HP: 212/212 MP: 44/56
 79081 | Vaults:5 | Identified the +3 falchion "Plog" {venom, rC+ rCorr Dex+5}
 79097 | Vaults:5 | Identified the +3 mace of Quantum Leap {flame, rPois Will+}
 79363 | Vaults:5 | Got the Opusculum on Exhalation
 79403 | Vaults:5 | Identified the +5 leather armour "Ydolif" {Regen+ Dex+2}
 79568 | Vaults:5 | Noticed Sojobo
 79583 | Vaults:5 | Killed Sojobo
 80771 | Lair:1   | Learned a level 8 spell: Infestation
 81080 | Tomb:1   | Entered Level 1 of the Tomb of the Ancients
 81196 | Tomb:1   | Noticed a royal mummy
 81202 | Tomb:1   | Killed a royal mummy
 81267 | Tomb:1   | Noticed Boris
 81273 | Tomb:1   | Killed Boris
 81298 | Tomb:1   | Noticed a royal mummy
 81303 | Tomb:1   | Killed a royal mummy
 81400 | Tomb:1   | Noticed a royal mummy
 81410 | Tomb:1   | Killed a royal mummy
 81677 | Tomb:2   | Noticed a royal mummy
 81678 | Tomb:2   | Noticed a royal mummy
 81679 | Tomb:2   | Noticed a royal mummy
 81679 | Tomb:2   | Noticed a royal mummy
 81683 | Tomb:2   | Noticed a royal mummy
 81686 | Tomb:2   | Killed a royal mummy
 81686 | Tomb:2   | Killed a royal mummy
 81689 | Tomb:2   | Killed a royal mummy
 81763 | Tomb:2   | Killed a royal mummy
 81774 | Tomb:2   | Killed a royal mummy
 82112 | Tomb:1   | Noticed a royal mummy
 82119 | Tomb:1   | Killed a royal mummy
 82136 | Tomb:1   | Noticed a royal mummy
 82141 | Tomb:1   | Killed a royal mummy
 82179 | Tomb:1   | Noticed a royal mummy
 82180 | Tomb:1   | Noticed a royal mummy
 82184 | Tomb:1   | Killed a royal mummy
 82186 | Tomb:1   | Killed a royal mummy
 82188 | Tomb:1   | Noticed a royal mummy
 82191 | Tomb:1   | Noticed a royal mummy
 82193 | Tomb:1   | Killed a royal mummy
 82195 | Tomb:1   | Killed a royal mummy
 82206 | Tomb:1   | Noticed a royal mummy
 82212 | Tomb:1   | Killed a royal mummy
 82213 | Tomb:1   | Noticed a royal mummy
 82217 | Tomb:1   | Killed a royal mummy
 82233 | Tomb:1   | Noticed a royal mummy
 82241 | Tomb:1   | Killed a royal mummy
 82316 | Tomb:1   | Noticed a royal mummy
 82317 | Tomb:1   | Noticed a royal mummy
 82317 | Tomb:1   | Noticed a royal mummy
 82317 | Tomb:1   | Noticed a royal mummy
 82317 | Tomb:1   | Noticed a royal mummy
 82318 | Tomb:1   | Noticed a royal mummy
 82321 | Tomb:1   | Noticed a royal mummy
 82321 | Tomb:1   | Noticed a royal mummy
 82321 | Tomb:1   | Noticed a royal mummy
 82322 | Tomb:1   | Killed a royal mummy
 82323 | Tomb:1   | Killed a royal mummy
 82323 | Tomb:1   | Killed a royal mummy
 82328 | Tomb:1   | Killed a royal mummy
 82329 | Tomb:1   | Killed a royal mummy
 82651 | Tomb:1   | Killed a royal mummy
 82651 | Tomb:1   | Killed a royal mummy
 82654 | Tomb:1   | Killed a royal mummy
 82657 | Tomb:1   | Lost strength.
 82660 | Tomb:1   | Killed a royal mummy
 83401 | Depths:1 | Voluntarily entered the Abyss.
 83611 | Abyss:1  | Noticed a dread lich
 83616 | Abyss:1  | Killed a dread lich
 83776 | Abyss:1  | Reached XP level 27. HP: 216/217 MP: 60/60
 84458 | Depths:1 | Escaped the Abyss
 85210 | Tomb:3   | Entered Level 3 of the Tomb of the Ancients
 85244 | Tomb:3   | Reached skill level 27 in Spellcasting
 85310 | Tomb:3   | Identified the +1 leather armour of Alyener {rCorr Int+3
                  | Dex+2}
 85501 | Tomb:3   | Found the +3 greatsling "Punk" {acid, rCorr}
 85558 | Tomb:3   | Identified the staff of poison "Cifossong" {rPois rC+ MP+9
                  | Dex+4}
 85572 | Tomb:3   | Identified the +9 spear "Ekkuhic" {elec, MP+9}
 85573 | Tomb:3   | Identified the +4 hand axe of Qafi {drain, Str+3}
 85598 | Tomb:3   | Identified the +2 pair of gloves of Raogo {rElec Dex+2}
 85606 | Tomb:3   | Identified the +0 chain mail of Inevitability {rElec rCorr
                  | Str+5 Int-4}
 85628 | Tomb:3   | Got the Writings on Doomed Modification
 86076 | Tomb:3   | Got a golden rune of Zot
 86647 | Lair:1   | Acquired the Vademecum on Creation and the Mantle
 87330 | Zig:1    | Entered Level 1 of a ziggurat
 87349 | Zig:2    | Entered Level 2 of a ziggurat
 87361 | Zig:2    | Identified the amulet of the Catamount {Reflect Regen+
                  | SH+5}
 87369 | Zig:3    | Entered Level 3 of a ziggurat
 87403 | Zig:4    | Entered Level 4 of a ziggurat
 87410 | Zig:4    | Reached skill level 15 in Conjurations
 87483 | Zig:5    | Entered Level 5 of a ziggurat
 87507 | Zig:5    | Identified the +0 storm dragon scales of Dishonour {rElec
                  | rC- Str+4 Dex+3}
 87665 | Zig:6    | Entered Level 6 of a ziggurat
 87850 | Zig:7    | Entered Level 7 of a ziggurat
 87886 | Zig:7    | Identified the +5 whip "Emaemumokh" {drain, MP+9}
 87953 | Zig:8    | Entered Level 8 of a ziggurat
 87967 | Zig:8    | Found the +10 morningstar "Eos" {elec, Halo rElec}
 87986 | Zig:8    | Identified the staff of air "Hiow" {rElec rPois Will+
                  | Stlth+}
 88129 | Zig:9    | Entered Level 9 of a ziggurat
 88232 | Zig:9    | Identified the +11 plate armour of the Mantidfly {rElec
                  | Str+5 Int-3}
 88255 | Zig:10   | Entered Level 10 of a ziggurat
 88260 | Zig:10   | Noticed an ancient lich
 88261 | Zig:10   | Noticed an ancient lich
 88269 | Zig:10   | Killed an ancient lich
 88274 | Zig:10   | Found the +3 warlock's mirror {omnireflect}
 88276 | Zig:10   | Killed an ancient lich
 88287 | Zig:10   | Identified the +9 double sword "Hell-Harrower" {speed, rN+}
 88480 | Zig:11   | Entered Level 11 of a ziggurat
 88487 | Zig:11   | Noticed an ancient lich
 88497 | Zig:11   | Killed an ancient lich
 88704 | Zig:12   | Entered Level 12 of a ziggurat
 88840 | Zig:13   | Entered Level 13 of a ziggurat
 88900 | Zig:13   | Identified the +1 leather armour "Doigegh" {Int+2}
 88914 | Zig:13   | Identified the +3 short sword "Kocuycw" {venom, *Rage Str+6
                  | SInv}
 89008 | Zig:14   | Entered Level 14 of a ziggurat
 89106 | Zig:14   | Identified the +3 dire flail "Oclor" {heavy, Int+2}
 89119 | Zig:14   | Identified the staff of poison "Zoeg" {rPois rF+ Will+}
 89120 | Zig:14   | Identified the staff of death "Zilu" {rN+ rCorr Int+3}
 89124 | Zig:14   | Identified the staff of cold "Ilueg" {rElec rPois rC+
                  | Will++}
 89219 | Zig:15   | Entered Level 15 of a ziggurat
 89222 | Zig:15   | Paralysed by a floating eye for 4 turns
 89233 | Zig:15   | Paralysed by a floating eye for 2 turns
 89241 | Zig:15   | Noticed a dread lich
 89243 | Zig:15   | Killed a dread lich
 89251 | Zig:15   | Found the +10 zealot's sword {holy, Zealotry, *Rage rN+
                  | EV+3}
 89253 | Zig:15   | Found the +8 Wrath of Trog {antimagic, *Rage Rampage}
 89291 | Zig:15   | Identified the +4 leather armour of the Wilderness {-Tele
                  | rC+ Will+ Int+3}
 89354 | Zig:15   | Identified the +8 shortbow of Equilibrium {freeze, rElec
                  | rN+ Str+5 Dex-5}
 89380 | Zig:15   | Reached skill level 15 in Fighting
 89406 | Zig:15   | Acquired the ring "Biny" {rElec Will+ Int+5 Slay+3 SInv}
 89429 | Zig:16   | Entered Level 16 of a ziggurat
 89453 | Zig:16   | Found the +7 sceptre of Torment {pain, torment}
 89542 | Zig:16   | Identified the amulet "Ceol Zux" {Faith +Inv rC+ rN+ Str-5}
 89543 | Zig:16   | Identified the +0 pair of gloves of Untruth {Str-3 Int+3
                  | Dex+6}
 89591 | Zig:17   | Entered Level 17 of a ziggurat
 89599 | Zig:17   | Noticed Johay the pandemonium lord
 89600 | Zig:17   | Noticed Ippuf the pandemonium lord
 89601 | Zig:17   | Noticed Ekhiol the pandemonium lord
 89601 | Zig:17   | Noticed Laos the pandemonium lord
 89601 | Zig:17   | Noticed Omucs the pandemonium lord
 89603 | Zig:17   | Noticed Vaodidar the pandemonium lord
 89619 | Zig:17   | Noticed Cout Ops the pandemonium lord
 89624 | Zig:17   | Identified the +0 robe of the Cockatrice {Str+2 Dex+2}
 89627 | Zig:17   | Reached skill level 15 in Dodging
 89632 | Zig:17   | Noticed Yfemodys the pandemonium lord
 89634 | Zig:18   | Entered Level 18 of a ziggurat
 89739 | Zig:18   | Identified the ring of Arrival {Ice rN+ Str+5 Stlth+}
 89759 | Zig:18   | Lost mutation: Your system is resistant to poisons. (rPois)
                  | [potion of mutation]
 89759 | Zig:18   | Gained mutation: You are weak. (Str -2) [potion of
                  | mutation]
 89759 | Zig:18   | Gained mutation: You are agile. (Dex +4, Str/Int -1)
                  | [potion of mutation]
 89759 | Zig:18   | Gained mutation: You have sharp toenails. [potion of
                  | mutation]
 89760 | Zig:18   | Lost mutation: You are weak. (Str -2) [potion of mutation]
 89760 | Zig:18   | Lost mutation: You have sharp toenails. [potion of
                  | mutation]
 89760 | Zig:18   | Lost mutation: You are agile. (Dex +4, Str/Int -1) [potion
                  | of mutation]
 89760 | Zig:18   | Gained mutation: Your spells are a little harder to cast,
                  | but a little more powerful. [potion of mutation]
 89760 | Zig:18   | Gained mutation: You are vulnerable to cold. (rC-) [potion
                  | of mutation]
 89761 | Zig:18   | Lost mutation: You are vulnerable to cold. (rC-) [potion of
                  | mutation]
 89761 | Zig:18   | Lost mutation: Your spells are a little harder to cast, but
                  | a little more powerful. [potion of mutation]
 89761 | Zig:18   | Gained mutation: You passively map a small area around you.
                  | [potion of mutation]
 89761 | Zig:18   | Gained mutation: Your flesh is heat resistant. (rF+)
                  | [potion of mutation]
 89775 | Zig:19   | Entered Level 19 of a ziggurat
 89783 | Zig:19   | Noticed a juggernaut
 89787 | Zig:19   | Noticed a juggernaut
 89789 | Zig:19   | Noticed a juggernaut
 89791 | Zig:19   | Killed a juggernaut
 89792 | Zig:19   | Noticed a juggernaut
 89795 | Zig:19   | Killed a juggernaut
 89797 | Zig:19   | Killed a juggernaut
 89814 | Zig:19   | Killed a juggernaut
 89981 | Zig:19   | Identified the ring of Fotey {rElec Dex+6}
 90006 | Zig:19   | Identified the ring "Roesmape" {Will+ MP+9}
 90014 | Zig:19   | Identified the +2 trident of Pandemonium {flame, rCorr
                  | Int+3 Dex+2}
 90062 | Zig:20   | Entered Level 20 of a ziggurat
 90074 | Zig:20   | Noticed a juggernaut
 90077 | Zig:20   | Noticed a juggernaut
 90079 | Zig:20   | Noticed a juggernaut
 90081 | Zig:20   | Noticed a juggernaut
 90081 | Zig:20   | Noticed a juggernaut
 90083 | Zig:20   | Killed a juggernaut
 90088 | Zig:20   | Killed a juggernaut
 90088 | Zig:20   | Killed a juggernaut
 90092 | Zig:20   | Killed a juggernaut
 90092 | Zig:20   | Killed a juggernaut
 90140 | Zig:20   | Identified the ring "Nodwil" {rF- rC+ Str+7 Dex+2 SInv}
 90154 | Zig:20   | Identified the +1 steam dragon scales "Xodon" {Int+7}
 90158 | Zig:20   | Identified the +1 morningstar "Earthworm" {heavy, Str+3}
 90192 | Zig:21   | Entered Level 21 of a ziggurat
 90236 | Zig:21   | Identified the +10 battleaxe "Mauleorus" {freeze, rF+ MP+9}
 90256 | Zig:21   | Identified the staff of cold "Ibeqidom" {rF- rC+ rCorr
                  | Str+2}
 90265 | Zig:21   | Identified the +8 scale mail of Experimentation {-Tele
                  | Will++ rCorr Str+3}
 90289 | Zig:22   | Entered Level 22 of a ziggurat
 90330 | Zig:22   | Noticed Ilel the pandemonium lord
 90338 | Zig:22   | Identified the +1 robe of Dim Light {-Cast rC++ SInv
                  | Stlth+}
 90343 | Zig:22   | Acquired a book of Annihilations
 90438 | Depths:3 | Learned a level 9 spell: Fire Storm
 90720 | Zig:1    | Entered Level 1 of a ziggurat
 90738 | Zig:2    | Entered Level 2 of a ziggurat
 90761 | Zig:3    | Entered Level 3 of a ziggurat
 90892 | Zig:4    | Entered Level 4 of a ziggurat
 90912 | Zig:4    | Identified the +2 cloak of Negation {Harm Fly Str+4}
 90930 | Zig:5    | Entered Level 5 of a ziggurat
 90933 | Zig:5    | Noticed an ancient lich
 90938 | Zig:5    | Killed an ancient lich
 90949 | Zig:5    | Identified the staff of fire "Ziunloatt" {rF+ Str+7}
 90950 | Zig:5    | Identified the +0 leather armour "Atoede" {Stlth+}
 90985 | Zig:6    | Entered Level 6 of a ziggurat
 91008 | Zig:6    | Identified the staff of cold "Ynyoq" {+Blink rC+ SInv}
 91012 | Zig:6    | Identified the +4 battleaxe of Floods {flame, MP+9}
 91017 | Zig:7    | Entered Level 7 of a ziggurat
 91027 | Zig:7    | Found the +2 cloak of the Thief {*Fog Slay-2 SInv Stlth+}
 91066 | Zig:8    | Entered Level 8 of a ziggurat
 91155 | Zig:9    | Entered Level 9 of a ziggurat
 91165 | Zig:9    | Found the +5 glaive of the Guard {elec, spectral, AC+5}
 91166 | Zig:9    | Noticed Biast the pandemonium lord
 91171 | Zig:9    | Killed Biast the pandemonium lord
 91208 | Zig:9    | Identified the +0 chain mail of Midwoko {Fly Regen+}
 91221 | Zig:9    | Acquired the scarf "Lavviuc" {repulsion, rElec rCorr Str+4}
 91237 | Zig:9    | Acquired 711 gold pieces
 91247 | Zig:10   | Entered Level 10 of a ziggurat
 91272 | Zig:10   | Identified the staff of fire "Jamoal" {rElec rPois rF+
                  | Str-3 Int+2}
 91285 | Zig:10   | Learned a level 9 spell: Polar Vortex
 91302 | Zig:10   | Identified the +3 dagger of Koorph {heavy, rF+ rN+ Int+4}
 91428 | Zig:11   | Entered Level 11 of a ziggurat
 91441 | Zig:11   | Reached skill level 1 in Ice Magic
 91454 | Zig:11   | Identified the +2 robe of Honour {Fly}
 91458 | Zig:11   | Identified the ring of Gecuxo {rC++ Will- Int+6}
 91459 | Zig:11   | Identified the ring of Coddif {rPois rC- rN++ MP+9 Int+2}
 91476 | Zig:11   | Identified the staff of fire "Copytot" {rElec rF+ SInv}
 91543 | Zig:12   | Entered Level 12 of a ziggurat
 91559 | Zig:12   | Reached skill level 5 in Ice Magic
 91577 | Zig:12   | Identified the staff of conjuration "Goph" {rElec Str-4
                  | Dex+3}
 91580 | Zig:12   | Identified the staff of cold "Pilixit" {rC+ SInv}
 91581 | Zig:12   | Identified the +0 plate armour "Jineokikuwk" {rN+ Dex-2
                  | SInv}
 91586 | Zig:12   | Identified the +4 dagger "Beetlebane" {flame, rN+}
 91705 | Zig:13   | Entered Level 13 of a ziggurat
 91751 | Zig:13   | Identified the staff of poison "Ziykk" {*Slow rPois rN++
                  | Str+4}
 91769 | Zig:13   | Identified the staff of death "Gybiug" {rPois rN+}
 91783 | Zig:14   | Entered Level 14 of a ziggurat
 91802 | Zig:14   | Noticed an ancient lich
 91812 | Zig:14   | Killed an ancient lich
 91815 | Zig:14   | Found the dreamshard necklace {*Dream Drain}
 91841 | Zig:14   | Identified the amulet of Vypoten {rF+ Regen+}
 91848 | Zig:14   | Identified the ring of Xull {rPois rC+ Will+ Str+2 Dex-2}
 91980 | Zig:14   | Reached skill level 10 in Ice Magic
 91991 | Zig:15   | Entered Level 15 of a ziggurat
 92005 | Zig:15   | Noticed a juggernaut
 92010 | Zig:15   | Noticed a juggernaut
 92012 | Zig:15   | Killed a juggernaut
 92013 | Zig:15   | Killed a juggernaut
 92034 | Zig:15   | Identified the +5 scimitar "Ixakan" {freeze, rPois}
 92044 | Zig:15   | Identified the ring of Soqauloi {Ice Fly rN+}
 92052 | Zig:15   | Identified the +7 halberd of Kuim {flame, Drain Str+3}
 92053 | Zig:15   | Identified the +7 mace "Spiderbane" {heavy, rN+}
 92080 | Zig:16   | Entered Level 16 of a ziggurat
 92171 | Zig:16   | Identified the ring "Ujubures" {Fly Will+ Dex+3}
 92174 | Zig:16   | Identified the staff of fire "Qiusur" {rPois rF+ rC+ Will++
                  | Dex-4}
 92181 | Zig:16   | Identified the +0 ring mail of the Barracuda {rPois}
 92185 | Zig:16   | Identified the ring "Jibreomu" {rN+ Dex+3 Stlth+}
 92187 | Zig:16   | Got the Volume of Voltage
 92200 | Zig:16   | Identified the staff of fire "Holeq" {rElec rF+ Int+6}
 92201 | Zig:16   | Identified the +8 arbalest of Mourning {antimagic, rF+
                  | rCorr Int+3}
 92224 | Zig:17   | Entered Level 17 of a ziggurat
 92262 | Zig:18   | Entered Level 18 of a ziggurat
 92274 | Zig:18   | Paralysed by an air elemental for 1 turns
 92372 | Zig:18   | Identified the staff of earth "Nadonn" {rF+ Int+2}
 92376 | Zig:18   | Identified the +5 shortbow of Theory {antimagic, +Blink
                  | rN+}
 92388 | Zig:18   | Reached skill level 15 in Ice Magic
 92405 | Zig:19   | Entered Level 19 of a ziggurat
 92451 | Zig:19   | Identified the staff of earth "Zoroy" {+Blink rCorr Str-5}
 92456 | Zig:19   | Identified the +2 battleaxe of a Gauntlet {heavy, +Blink
                  | rC+}
 92466 | Zig:19   | Identified the +10 hand axe "Rybobbi" {vamp, Dex+3}
 92561 | Zig:20   | Entered Level 20 of a ziggurat
 92604 | Zig:20   | Identified the ring of Vehumet's Supremacy {+Blink Fly
                  | Str+2 Dex-2}
 92611 | Zig:20   | Identified the staff of air "Ittanil" {rElec rF+ rN+}
 92615 | Zig:20   | Identified the ring of Poak {rC+ rN+++ rCorr Dex-5 SInv}
 92616 | Zig:20   | Identified the +4 arbalest "Poegaz" {penet, Dex+3}
 92619 | Zig:20   | Identified the +2 arbalest "Xayp" {elec, rElec rF++}
 92629 | Zig:20   | Identified the staff of cold "Umisu" {rElec rF- rC+ Will+}
 92661 | Zig:21   | Entered Level 21 of a ziggurat
 92748 | Zig:21   | Identified the ring "Leameh" {*Slow rPois rC+ Will+}
 92749 | Zig:21   | Identified the staff of fire "Wakhu" {Contam rF+ rC+ Dex+5}
 92753 | Zig:21   | Identified the +0 robe "Lidetaq" {Stlth+}
 92812 | Zig:22   | Entered Level 22 of a ziggurat
 92854 | Zig:23   | Entered Level 23 of a ziggurat
 92906 | Zig:23   | Identified the +0 pair of gloves of Gozag's Esteem {Int+2}
 92915 | Zig:24   | Entered Level 24 of a ziggurat
 93105 | D:8      | Bought a potion of cancellation for 264 gold pieces
 93105 | D:8      | Bought a scroll of magic mapping for 247 gold pieces
 93105 | D:8      | Bought a scroll of blinking for 247 gold pieces
 93258 | Orc:2    | Bought a potion of haste for 140 gold pieces
 93258 | Orc:2    | Bought a potion of cancellation for 112 gold pieces
 93526 | Depths:3 | Bought a potion of curing for 66 gold pieces
 93526 | Depths:3 | Bought a potion of mutation for 176 gold pieces
 93526 | Depths:3 | Bought a potion of magic for 176 gold pieces
 93526 | Depths:3 | Bought 2 potions of mutation for 352 gold pieces
 93526 | Depths:3 | Lost mutation: Your flesh is heat resistant. (rF+) [potion
                  | of mutation]
 93526 | Depths:3 | Lost mutation: You passively map a small area around you.
                  | [potion of mutation]
 93526 | Depths:3 | Gained mutation: Your body sometimes deteriorates upon
                  | taking damage. [potion of mutation]
 93526 | Depths:3 | Gained mutation: You passively map a small area around you.
                  | [potion of mutation]
 93527 | Depths:3 | Lost mutation: Your body sometimes deteriorates upon taking
                  | damage. [potion of mutation]
 93527 | Depths:3 | Lost mutation: You passively map a small area around you.
                  | [potion of mutation]
 93527 | Depths:3 | Gained mutation: You have a pair of small horns on your
                  | head. [potion of mutation]
 93527 | Depths:3 | Gained mutation: Your mind is acute. (Int +4, Str/Dex -1)
                  | [potion of mutation]
 93528 | Depths:3 | Lost mutation: You have a pair of small horns on your head.
                  | [potion of mutation]
 93528 | Depths:3 | Lost mutation: Your mind is acute. (Int +4, Str/Dex -1)
                  | [potion of mutation]
 93528 | Depths:3 | Gained mutation: Your system is resistant to poisons.
                  | (rPois) [potion of mutation]
 93528 | Depths:3 | Gained mutation: Your skin changes colour to match your
                  | surroundings (Stealth+). [potion of mutation]
 93528 | Depths:3 | Gained mutation: You possess an exceptional clarity of
                  | mind. [potion of mutation]
 93529 | Depths:3 | Lost mutation: You possess an exceptional clarity of mind.
                  | [potion of mutation]
 93529 | Depths:3 | Lost mutation: Your skin changes colour to match your
                  | surroundings (Stealth+). [potion of mutation]
 93529 | Depths:3 | Lost mutation: Your system is resistant to poisons. (rPois)
                  | [potion of mutation]
 93529 | Depths:3 | Gained mutation: Your flesh is heat resistant. (rF+)
                  | [potion of mutation]
 93529 | Depths:3 | Lost mutation: Your flesh is heat resistant. (rF+) [potion
                  | of mutation]
 93529 | Depths:3 | Gained mutation: You have hidden genetic potential. [potion
                  | of mutation]
 93530 | Depths:3 | Lost mutation: You have hidden genetic potential. [potion
                  | of mutation]
 93530 | Depths:3 | Gained mutation: You are agile. (Dex +4, Str/Int -1)
                  | [potion of mutation]
 93530 | Depths:3 | Gained mutation: You are covered in fur. (AC +1) [potion of
                  | mutation]
 93531 | Depths:3 | Lost mutation: You are agile. (Dex +4, Str/Int -1) [potion
                  | of mutation]
 93531 | Depths:3 | Lost mutation: You are covered in fur. (AC +1) [potion of
                  | mutation]
 93531 | Depths:3 | Gained mutation: You have a pair of small horns on your
                  | head. [potion of mutation]
 93531 | Depths:3 | Gained mutation: You sometimes lose your temper in combat.
                  | [potion of mutation]
 93531 | Depths:3 | Gained mutation: You are somewhat resistant to further
                  | mutation. [potion of mutation]
 93532 | Depths:3 | Lost mutation: You are somewhat resistant to further
                  | mutation. [potion of mutation]
 93532 | Depths:3 | Lost mutation: You sometimes lose your temper in combat.
                  | [potion of mutation]
 93532 | Depths:3 | Gained mutation: You are agile. (Dex +4, Str/Int -1)
                  | [potion of mutation]
 93532 | Depths:3 | Gained mutation: You occasionally lose the ability to drink
                  | potions when taking damage. [potion of mutation]
 93532 | Depths:3 | Lost mutation: You are agile. (Dex +4, Str/Int -1) [potion
                  | of mutation]
 93532 | Depths:3 | Gained mutation: You are partially covered in iridescent
                  | scales. (AC +2) [potion of mutation]
 93533 | Depths:3 | Lost mutation: You have a pair of small horns on your head.
                  | [potion of mutation]
 93533 | Depths:3 | Lost mutation: You are partially covered in iridescent
                  | scales. (AC +2) [potion of mutation]
 93533 | Depths:3 | Lost mutation: You occasionally lose the ability to drink
                  | potions when taking damage. [potion of mutation]
 93533 | Depths:3 | Gained mutation: You occasionally lose the ability to read
                  | scrolls when taking damage. [potion of mutation]
 93533 | Depths:3 | Gained mutation: You have large cloven feet. [potion of
                  | mutation]
 93533 | Depths:3 | Gained mutation: You are frail. (-10% HP) [potion of
                  | mutation]
 93534 | Depths:3 | Lost mutation: You occasionally lose the ability to read
                  | scrolls when taking damage. [potion of mutation]
 93534 | Depths:3 | Lost mutation: You have large cloven feet. [potion of
                  | mutation]
 93534 | Depths:3 | Gained mutation: You have large cloven feet. [potion of
                  | mutation]
 93535 | Depths:3 | Lost mutation: You are frail. (-10% HP) [potion of
                  | mutation]
 93535 | Depths:3 | Lost mutation: You have large cloven feet. [potion of
                  | mutation]
 93535 | Depths:3 | Gained mutation: You are robust. (+10% HP) [potion of
                  | mutation]
 93536 | Depths:3 | Lost mutation: You are robust. (+10% HP) [potion of
                  | mutation]
 93536 | Depths:3 | Gained mutation: You are occasionally teleported next to
                  | monsters. [potion of mutation]
 93536 | Depths:3 | Gained mutation: Your spells are a little easier to cast,
                  | but a little less powerful. [potion of mutation]
 93536 | Depths:3 | Gained mutation: You are partially covered in iridescent
                  | scales. (AC +2) [potion of mutation]
 93537 | Depths:3 | Lost mutation: Your spells are a little easier to cast, but
                  | a little less powerful. [potion of mutation]
 93537 | Depths:3 | Lost mutation: You are partially covered in iridescent
                  | scales. (AC +2) [potion of mutation]
 93537 | Depths:3 | Gained mutation: You occasionally lose the ability to drink
                  | potions when taking damage. [potion of mutation]
 93537 | Depths:3 | Gained mutation: You sometimes lose the ability to drink
                  | potions when taking damage. [potion of mutation]
 93538 | Depths:3 | Lost mutation: You sometimes lose the ability to drink
                  | potions when taking damage. [potion of mutation]
 93538 | Depths:3 | Lost mutation: You are occasionally teleported next to
                  | monsters. [potion of mutation]
 93538 | Depths:3 | Gained mutation: You occasionally shout uncontrollably at
                  | your foes. [potion of mutation]
 93539 | Depths:3 | Lost mutation: You occasionally shout uncontrollably at
                  | your foes. [potion of mutation]
 93539 | Depths:3 | Lost mutation: You occasionally lose the ability to drink
                  | potions when taking damage. [potion of mutation]
 93539 | Depths:3 | Gained mutation: You have sharp toenails. [potion of
                  | mutation]
 93540 | Depths:3 | Lost mutation: You have sharp toenails. [potion of
                  | mutation]
 93540 | Depths:3 | Gained mutation: Your flesh is cold resistant. (rC+)
                  | [potion of mutation]
 93540 | Depths:3 | Gained mutation: You have a considerably increased
                  | reservoir of magic. (+20% MP) [potion of mutation]
 93540 | Depths:3 | Gained mutation: Your system is resistant to poisons.
                  | (rPois) [potion of mutation]
 93541 | Depths:3 | Lost mutation: Your flesh is cold resistant. (rC+) [potion
                  | of mutation]
 93541 | Depths:3 | Lost mutation: You have a considerably increased reservoir
                  | of magic. (+20% MP) [potion of mutation]
 93541 | Depths:3 | Gained mutation: You have sharp fingernails. [potion of
                  | mutation]
 93541 | Depths:3 | Gained mutation: You occasionally shout uncontrollably at
                  | your foes. [potion of mutation]
 93542 | Depths:3 | Lost mutation: You have sharp fingernails. [potion of
                  | mutation]
 93542 | Depths:3 | Lost mutation: Your system is resistant to poisons. (rPois)
                  | [potion of mutation]
 93542 | Depths:3 | Lost mutation: You occasionally shout uncontrollably at
                  | your foes. [potion of mutation]
 93542 | Depths:3 | Gained mutation: You are vulnerable to heat. (rF-) [potion
                  | of mutation]
 93542 | Depths:3 | Gained mutation: Armour fits poorly on your strangely
                  | shaped body. [potion of mutation]
 93542 | Depths:3 | Gained mutation: You are robust. (+10% HP) [potion of
                  | mutation]
 93542 | Depths:3 | Gained mutation: You are agile. (Dex +4, Str/Int -1)
                  | [potion of mutation]
 93543 | Depths:3 | Lost mutation: You are agile. (Dex +4, Str/Int -1) [potion
                  | of mutation]
 93543 | Depths:3 | Lost mutation: You are robust. (+10% HP) [potion of
                  | mutation]
 93543 | Depths:3 | Gained mutation: You are partially covered in iridescent
                  | scales. (AC +2) [potion of mutation]
 93543 | Depths:3 | Gained mutation: You have a pair of small horns on your
                  | head. [potion of mutation]
 93544 | Depths:3 | Lost mutation: You are vulnerable to heat. (rF-) [potion of
                  | mutation]
 93544 | Depths:3 | Lost mutation: Armour fits poorly on your strangely shaped
                  | body. [potion of mutation]
 93544 | Depths:3 | Gained mutation: You have a pair of horns on your head.
                  | [potion of mutation]
 93544 | Depths:3 | Gained mutation: Your flesh is cold resistant. (rC+)
                  | [potion of mutation]
 93546 | Depths:3 | Lost mutation: You are partially covered in iridescent
                  | scales. (AC +2) [potion of mutation]
 93546 | Depths:3 | Lost mutation: You have a pair of horns on your head.
                  | [potion of mutation]
 93546 | Depths:3 | Gained mutation: You expend magic power (3 MP) to
                  | strengthen your wands. [potion of mutation]
 93546 | Depths:3 | Gained mutation: Your flesh is very cold resistant. (rC++)
                  | [potion of mutation]
 94041 | Pan      | Entered Pandemonium
 94056 | Pan      | Noticed Bisunyot the pandemonium lord
 94061 | Pan      | Killed Bisunyot the pandemonium lord
 94091 | Pan      | Identified the +1 fire dragon scales of Happy Babbling
                  | {rF++ rC- Regen+ Int+4}
 94134 | Pan      | Noticed Eveuv the pandemonium lord
 94145 | Pan      | Killed Eveuv the pandemonium lord
 94434 | Pan      | Found a transporter.
 94707 | Pan      | Found a transporter.
 94758 | Pan      | Identified the amulet "Diafymumm" {Acrobat rPois Str+4
                  | Stlth+}
 94771 | Pan      | Identified the ring of Xolesoy {Fly rC+ Int+4}
 95198 | Pan      | Noticed Vufud the pandemonium lord
 95205 | Pan      | Killed Vufud the pandemonium lord
 95240 | Depths:2 | Escaped Pandemonium
 95242 | Pan      | Entered Pandemonium
 95411 | Pan      | Found an exit through the horrors of the Abyss.
 95489 | Pan      | Entered the realm of Gloorx Vloq.
 95670 | Pan      | Noticed Gloorx Vloq
 95678 | Pan      | Killed Gloorx Vloq
 95700 | Pan      | Got a dark rune of Zot
 96001 | Pan      | Upgraded the game from 0.30-a0-1053-gbd8d5ba0ad to
                  | 0.30-a0-1066-g63dfefce0d
 96026 | Pan      | Entered the realm of Mnoleg.
 96115 | Pan      | Paralysed by a floating eye for 3 turns
 96197 | Pan      | Noticed Mnoleg
 96207 | Pan      | Killed Mnoleg
 96254 | Pan      | Got a glowing rune of Zot
 96439 | Pan      | Identified the +3 long sword of Conflict {antimagic, rElec
                  | rPois rF++ rC-}
 96471 | Pan      | Noticed Loheprewk the pandemonium lord
 96475 | Pan      | Killed Loheprewk the pandemonium lord
 96609 | Pan      | Noticed Mennas
 96621 | Pan      | Killed Mennas
 96687 | Pan      | Found an exit through the horrors of the Abyss.
 96837 | Pan      | Identified the +1 helmet of Skepticism {Will+ Str+4 Int+2
                  | Slay-6}
 96848 | Pan      | Identified the +3 chain mail of Pufreeps {Harm rElec MP+9
                  | Str+2}
 96850 | Pan      | Entered the realm of Lom Lobon.
 96952 | Pan      | Identified the staff of cold "Tiozufru" {+Blink rPois rC+
                  | Int+4 Dex-4}
 97036 | Pan      | Found an exit through the horrors of the Abyss.
 97260 | Pan      | Noticed Lom Lobon
 97299 | Pan      | Killed Lom Lobon
 97347 | Pan      | Got a magical rune of Zot
 97640 | Pan      | Noticed Qesos the pandemonium lord
 97655 | Pan      | Killed Qesos the pandemonium lord
 97829 | Pan      | Got a demonic rune of Zot
 97896 | Pan      | Noticed Jowipt the pandemonium lord
 97897 | Pan      | Killed Jowipt the pandemonium lord
 97942 | Pan      | Found an exit through the horrors of the Abyss.
 97989 | Pan      | Found a transporter.
 98030 | Pan      | Found a transporter.
 98035 | Pan      | Identified the ring "Icvesy" {+Blink rF+ Int-4 Dex+2 SInv}
 98047 | Pan      | Identified the ring "Soxuofru" {EV+5 Dex+3 Stlth+}
 98069 | Depths:2 | Escaped Pandemonium
 98071 | Pan      | Entered the realm of Cerebov.
 98071 | Pan      | Entered Pandemonium
 98397 | Pan      | Found the +6 sword of Cerebov {flame}
 98397 | Pan      | Noticed Cerebov
 98418 | Pan      | Killed Cerebov
 98437 | Pan      | Got a fiery rune of Zot
 98507 | Depths:2 | Escaped Pandemonium
 98978 | Hell     | Entered the Vestibule of Hell
 98978 | Hell     | Noticed Geryon
 98993 | Hell     | Killed Geryon
 98999 | Hell     | Noticed Murray
 99014 | Hell     | Killed Murray
 99030 | Hell     | Found a gateway to the decaying netherworld of Tartarus.
 99067 | Hell     | Found a gateway to the freezing wastes of Cocytus.
 99122 | Hell     | Found a gateway to the Iron City of Dis.
 99158 | Hell     | Found a gateway to the ashen valley of Gehenna.
 99174 | Geh:1    | Entered Level 1 of Gehenna
 99903 | Geh:7    | Entered Level 7 of Gehenna
100577 | Geh:7    | Found the +13 sceptre of Asmodeus
100577 | Geh:7    | Noticed Asmodeus
100590 | Geh:7    | Killed Asmodeus
100596 | Geh:7    | Identified the +1 leather armour of the Quahog {Str+3
                  | Dex+3}
100600 | Geh:7    | Got an obsidian rune of Zot
100747 | Dis:1    | Entered Level 1 of the Iron City of Dis
101417 | Dis:7    | Entered Level 7 of the Iron City of Dis
101599 | Dis:7    | Noticed a juggernaut
101599 | Dis:7    | Noticed a juggernaut
101606 | Dis:7    | Killed a juggernaut
101606 | Dis:7    | Killed a juggernaut
101941 | Dis:7    | Noticed the Serpent of Hell
101959 | Dis:7    | Killed the Serpent of Hell
101996 | Dis:7    | Noticed a juggernaut
102002 | Dis:7    | Killed a juggernaut
102185 | Dis:7    | Noticed Dispater
102212 | Dis:7    | Killed Dispater
102365 | Dis:7    | Identified the +5 spear of Guile {elec, rC+ Dex+4}
102367 | Dis:7    | Got an iron rune of Zot
102517 | Coc:1    | Entered Level 1 of Cocytus
102524 | Coc:1    | Reached skill level 27 in Summonings
102831 | Coc:5    | Paralysed by a wendigo for 1 turns
102936 | Coc:5    | Noticed an ancient lich
102941 | Coc:5    | Killed an ancient lich
103006 | Coc:6    | Paralysed by a wendigo for 1 turns
103035 | Coc:7    | Entered Level 7 of Cocytus
103120 | Coc:7    | Paralysed by a wendigo for 1 turns
103400 | Coc:7    | Paralysed by a wendigo for 1 turns
103491 | Coc:7    | Identified the staff of cold "Ablomy" {rC+ Will+ Str+5}
103791 | Coc:7    | Noticed Antaeus
103805 | Coc:7    | Killed Antaeus
103810 | Coc:7    | Found the +18 shield of the Gong {Loud rN+ Will+ rCorr
                  | EV-5}
103818 | Coc:7    | Got an icy rune of Zot
104673 | Tar:1    | Entered Level 1 of Tartarus
104775 | Tar:2    | Noticed an ancient lich
104781 | Tar:2    | Killed an ancient lich
105040 | Tar:6    | Noticed an ancient lich
105050 | Tar:7    | Entered Level 7 of Tartarus
105471 | Tar:7    | Noticed Ereshkigal
105472 | Tar:7    | Paralysed by Ereshkigal for 4 turns
105479 | Tar:7    | Killed Ereshkigal
105509 | Tar:7    | Got a bone rune of Zot
105515 | Tar:7    | Identified the staff of poison "Ynionouc" {Fragile rElec
                  | rPois rF++ SInv}
105517 | Tar:7    | Identified the +3 ring mail "Tuthun" {Str+4 Int+3}
105518 | Tar:7    | Identified the staff of death "Syudula" {*Slow rPois rN+
                  | rCorr Int+7}
105706 | Depths:1 | Voluntarily entered the Abyss.
106061 | Abyss:2  | Paralysed by accursed screaming for 1 turns
106302 | Abyss:3  | Reached skill level 27 in Shields
106350 | Abyss:3  | Got an abyssal rune of Zot
106379 | Depths:1 | Escaped the Abyss
106559 | Zot:5    | Got the Orb of Zot
106824 | D:12     | Noticed Nizxiw the pandemonium lord
106829 | D:12     | Killed Nizxiw the pandemonium lord
106971 | Temple   | Entered the Ecumenical Temple
107066 | D:$      | Escaped with the Orb!

Illustrated notes

Levels and vault maps discovered:
D:1:      dpeg_arrival_water_altar, layout_loops_ring
D:2:      layout_rooms, serial_corexii_hall, corexii_hall_statues_t,
          corexii_hall_statues_i, chequers_hall_statues_y, basic_altar,
          corexii_corridor_pit
D:3:      layout_rooms, elyvilon_altar_4, grunt_gozag_statues,
          gammafunk_temple_overflow_pools, serial_shops,
          nicolae_shop_statue_plus, shop
D:4:      minmay_goblin_kobold_castle, layout_cave_pools,
          mainiacjoe_overflow_six_doors_small
D:5:      layout_rooms, fedhas_altar_fruit_tree, minmay_temple_entry_trees,
          enter_ossuary_4
D:6:      layout_basic, lemuel_round_altar, serial_shops, shop_fountains,
          uniq_sigmund, uniq_pikel
D:7:      layout_gridville, water_maze_lemuel, uniq_menkaure
D:8:      layout_cave_pods, bloody_makhleb, nicolae_hepliaklqana_hazy_memory,
          serial_shops, nicolae_lakefront_shop, nicolae_shop_advertising_works
          [nicolae_subvault_shop_adworks], shop, nicolae_shop_waterfront,
          nicolae_shop_trees, uniq_joseph
D:9:      layout_loops_ring, mainiacjoe_overflow_boulevard, erik_lair_island
D:10:     layout_gridville, serial_shops, shop, st_stairs_3,
          hangedman_minor_magic
D:11:     layout_grid_maze, zombieorc2_lemuel
D:12:     minmay_klotski, layout_irregular_city, uniq_nessos
D:13:     layout_roguey, nicolae_uskayaw_murder_on_the_dancefloor
D:14:     layout_roguey, lightli_vaults_fourway_checkpoint,
          kennysheep_small_spiral, kennysheep_generic_room_5
D:15:     hangedman_depths_entry_try_elsewhere_first, layout_loops_ring,
          doesnt_xom_only_xom, uniq_josephine
Temple:   nicolae_temple_no_exploring_needed
Lair:1:   dpeg_oklob_gauntlet, layout_misc_corridors, st_stairs_3,
          lemuel_oklob_altar, grunt_megastairs_4
Lair:2:   layout_cave_pods, nicolae_shoals_entry_roost,
          portal_ice_cave_entry_ice_simulacra, grunt_megastairs_5,
          infiniplex_staircase_pool_2
Lair:3:   layout_chaotic_city, hellmonk_spider_entry_life_and_decay,
          lemuel_fruit_tree
Lair:4:   layout_roguey [special_room_bee], nicolae_slime_entry_field_trip
Lair:5:   hangedman_lair_caniforms_friends, layout_misc_corridors,
          guppyfry_lair_end_dragon
Shoals:1: layout_shoals, uniq_kirke
Shoals:2: layout_shoals, serial_shops, shop_fountains,
          nicolae_shoals_beach_cooler
Shoals:3: layout_shoals, serial_shops, nicolae_shop_statue_plus,
          nicolae_shoals_flooded_hall, uniq_mlioglotl, uniq_ilsuiw,
          uniq_polyphemus
Shoals:4: shoals_end_grunt_ice, layout_shoals, serial_shops, shop,
          nicolae_square_shop, nicolae_shop_overgrown_old_shop,
          nicolae_shop_vocational, uniq_mara
Spider:1: layout_spider_delve, uniq_frances, uniq_donald, uniq_jorgrun
Spider:2: layout_spider_delve, nicolae_spider_twisty_arc_passages
Spider:3: layout_spider_delve, nicolae_spider_nooks_and_crannies
Spider:4: spider_rune_water
Slime:1:  cheibrodos_slime_lost_civilization_1, layout_caves
Slime:2:  layout_caves
Slime:3:  layout_caves
Slime:4:  layout_caves, cheibrodos_slime_lost_civilization_7
Slime:5
Orc:1:    layout_caves, uniq_fannar, uniq_urug, uniq_erica
Orc:2:    st_orc_elflike, layout_caves, uniq_maurice
Elf:1:    minmay_elf_arrival_summoners, layout_rooms,
          portal_desolation_entry_ruin, serial_glass, glass_columns_a,
          glass_columns_a, minmay_elf_sorcery, evilmike_spriggan_trog_shrine,
          lemuel_upstairs_altar
Elf:2:    nicolae_elf_blades_crystal_corner, layout_gridlike, mu_enter_wizlab_2,
          onia_ninara_cookie
Elf:3:    elf_hall_gauntlet_wide, layout_geoelf_castle, serial_sigils,
          serial_sigils_hangedman_confine, serial_sigils_hangedman_shear,
          serial_sigils_hangedman_quiver, minmay_misc_feat_columns,
          nicolae_shop_gadgets
Vaults:1: nicolae_vaults_big_angled_halls, nicolae_vaults_three_branches,
          grunt_vaults_diagonal, nicolae_vaults_network_quincunx
          [nicolae_vaults_network_quincunx_subvault,
          nicolae_vaults_network_quincunx_subvault,
          nicolae_vaults_network_quincunx_subvault,
          nicolae_vaults_network_quincunx_subvault,
          nicolae_vaults_network_quincunx_subvault], nicolae_vaults_octagons,
          ontoclasm_vaults_eye, v_misc_33, vaults_dpeg_encased_lava,
          ontoclasm_vaults_twist, dpeg_vaults_monster_box,
          layout_vaults_omnicross
Vaults:2: v_pattern_1, nicolae_vaults_big_ls, nicolae_vaults_circle_grid_a,
          nicolae_vaults_little_squares_6, v_misc_15,
          vaults_dpeg_emergency_exit, hangedman_vaults_stagger, v_misc_30,
          hangedman_vaults_trim, v_misc_27, nicolae_vaults_statue_guard,
          ontoclasm_vaults_gateway, layout_vaults_big_room, dummy_crypt_entry
Vaults:3: st_smaller_cells, vaults_room_octagon, nicolae_vaults_theta, v_misc_3,
          v_misc_26, ontoclasm_vaults_loading_screen, vaults_dpeg_ring,
          hangedman_vaults_capsules, nicolae_vaults_network_periphery,
          nicolae_vaults_little_squares_3, layout_vaults_ring, uniq_asterion,
          uniq_boris
Vaults:4: gammafunk_ghost_spectres, v_misc_28, dpeg_vaults_waves,
          vaults_room_boxed, vaults_mumra_minichess_inversion,
          vaults_room_octagon, ontoclasm_vaults_idyll, vaults_room_door_hall,
          v_misc_27, nicolae_vaults_border_crossing, v_misc_13,
          layout_vaults_maze
Vaults:5: uniq_sojobo, uniq_margery
Crypt:1:  layout_basic, minivault_23
Crypt:2:  layout_basic, minivault_5, ebering_dispersal_statue_hall,
          minmay_guarded_unrand_vampires_tooth, grunt_megastairs_2, uniq_jory
Crypt:3:  due_elkab, layout_chaotic_city, lemuel_dead_fish_pool
Tomb:1
Tomb:2
Tomb:3
Depths:1: layout_cave_pools, nicolae_sextant, abyss_entry_glasseish,
          hangedman_tar_grid_catacomb, kennysheep_cross_room, minmay_three_doors
Depths:2: minmay_glassy_protrusions, layout_basic, hell_entry,
          rand_demon_pan_entry_7, gammafunk_ghost_grave, hangedman_decor_push,
          minmay_staircase_bubble, grunt_megastairs_3, serial_bayou_shore_a,
          minmay_shop_grove, uniq_grunn, uniq_enchantress
Depths:3: nzn_winding_woodlands_small [nzn_winding_woodlands_5x15_cabin,
          nzn_winding_woodlands_center_diamonds,
          nzn_winding_woodlands_5x15_concentric], layout_gridlike,
          enter_ziggurat_e, pf_hell_entry_great_geh, serial_shops, bzr_firewalk,
          nicolae_diamond_shop, serial_corexii_hall, corexii_hall_statues_x,
          chequers_hall_statues_wall_a, corexii_hall_statues_i,
          chequers_hall_statues_wall_a, abyss_entry, firewood_loft
Depths:4: grunt_crosshair, layout_gridlike, hangedman_coc_ice_floe,
          gammafunk_ghost_smash, evilmike_butchery, uniq_frederick
Hell
Dis:1:    nicolae_dis_array, layout_jigsaw
Dis:2:    layout_subdivisions, nicolae_dis_metal_dragon_surprise
Dis:3:    layout_subdivisions
Dis:4:    layout_subdivisions
Dis:5:    layout_gridville
Dis:6:    layout_gridville, hangedman_dis_decor_tower, hangedman_dis_chains
Dis:7:    dis_grunt_layers
Geh:1:    layout_gehenna_lava_caves
Geh:2:    layout_gehenna_pools_box, lemuel_flamethrower_3
Geh:3:    layout_gehenna_pools_basic, nicolae_geh_lava_rosette
Geh:4:    layout_gehenna_lava_caves
Geh:5:    layout_gehenna_lava_caves
Geh:6:    layout_gehenna_pools_basic, lemuel_hellion_isle
Geh:7:    geh_grunt_pentagon
Coc:1:    layout_ice_bergs
Coc:2:    layout_cocytus_water_paths
Coc:3:    layout_ice_bergs
Coc:4:    layout_cocytus_water_paths
Coc:5:    layout_cocytus_delve
Coc:6:    layout_cocytus_water_paths
Coc:7:    coc_mu
Tar:1:    layout_honeycomb, nicolae_tar_combbox
Tar:2:    nicolae_tar_honey_stairs, layout_cathedral_of_symmetry,
          nicolae_tar_cuneiform_heaven
Tar:3:    layout_honeycomb, nicolae_hells_fiendish_ambush
Tar:4:    layout_honeycomb, nicolae_tar_four_comb_rooms
Tar:5:    layout_catacombs
Tar:6:    layout_catacombs
Tar:7:    tar_minmay_river
Zot:1:    layout_gridlike, zot_minivault_1
Zot:2:    layout_gridlike
Zot:3:    layout_twisted_circle
Zot:4:    layout_onion_interference, uniq_parghit
Zot:5:    layout_onion, gammafunk_ghost_necromancy

Skill      XL: |  1  2  3  4  5  6  7  8  9 10 11 12 13 14 15 16 17 18 19 20 21 22 23 24 25 26 27 |
---------------+----------------------------------------------------------------------------------+-----
Spellcasting   | 2 3 4 5 6 7 9 10 11 13 15 16 17 18 19 22 25 27 | 27.0
Air Magic      | 1 3 4 |  4.0
Summonings     | 4 6 9 10 11 13 15 16 17 18 19 27 | 27.0
Fighting       | 3 6 12 26 | 26.1
Polearms       | 3 6 |  6.2
Dodging        | 2 9 12 18 | 18.9
Necromancy     | 6 10 11 12 14 | 14.0
Armour         | 3 4 5 6 |  6.3
Evocations     | 4 |  4.1
Poison Magic   | 2 5 |  5.4
Earth Magic    | 6 |  6.2
Shields        | 6 8 10 13 15 27 | 27.0
Conjurations   | 8 10 22 | 22.4
Fire Magic     | 4 14 15 18 | 18.6
Transmutations | 5 12 | 12.0
Ice Magic      | 21 | 21.3
Stealth        | |  1.7

Action                     |  1- 3 |  4- 6 |  7- 9 | 10-12 | 13-15 | 16-18 | 19-21 | 22-24 | 25-27 || total
---------------------------+-------+-------+-------+-------+-------+-------+-------+-------+-------++-------
  Melee: Unarmed           |    15 |       |       |       |       |       |       |       |       ||    15
         Whip              |    31 |       |       |       |       |       |       |       |       ||    31
         Spear             |    26 |    32 |       |       |    46 |    16 |       |       |       ||   120
         Halberd           |       |    89 |   186 |   238 |   241 |       |       |       |       ||   754
         Demon trident     |       |       |       |       |       |   102 |    17 |       |       ||   119
         Trident           |       |       |       |       |       |    14 |       |       |       ||    14
         Staff             |       |       |       |       |       |       |    26 |    23 |   115 ||   164
         Headbutt          |       |       |       |       |       |       |       |       |    41 ||    41
   Fire: Hand crossbow     |       |       |       |       |       |       |       |       |     3 ||     3
   Cast: Summon Small Mamm |    39 |    35 |    27 |    52 |    28 |       |       |       |       ||   181
         Call Imp          |    16 |    16 |    30 |    48 |    29 |     1 |       |       |       ||   140
         Summon Guardian G |       |       |    12 |    20 |     4 |       |       |       |       ||    36
         Summon Lightning  |       |       |    36 |   104 |   173 |   107 |     2 |       |       ||   422
         Animate Dead      |       |       |       |     4 |       |     1 |       |       |     2 ||     7
         Summon Hydra      |       |       |       |       |    98 |    32 |     9 |     1 |       ||   140
         Borgnjor's Vile C |       |       |       |       |   183 |   331 |   396 |   250 |   668 ||  1828
         Olgreb's Toxic Ra |       |       |       |       |     3 |     2 |       |       |       ||     5
         Mephitic Cloud    |       |       |       |       |     1 |       |       |       |       ||     1
         Haunt             |       |       |       |       |     4 |    40 |    90 |    11 |    46 ||   191
         Fireball          |       |       |       |       |       |   117 |    34 |    19 |       ||   170
         Spellforged Servi |       |       |       |       |       |     4 |     4 |     1 |       ||     9
         Summon Horrible T |       |       |       |       |       |    15 |   135 |   106 |   177 ||   433
         Dragon's Call     |       |       |       |       |       |       |     3 |    62 |   198 ||   263
         Necromutation     |       |       |       |       |       |       |       |    19 |   189 ||   208
         Summon Forest     |       |       |       |       |       |       |       |     3 |     3 ||     6
         Ignition          |       |       |       |       |       |       |       |       |   128 ||   128
         Infestation       |       |       |       |       |       |       |       |       |   138 ||   138
         Fire Storm        |       |       |       |       |       |       |       |       |    27 ||    27
         Polar Vortex      |       |       |       |       |       |       |       |       |     1 ||     1
Ability: End Transformatio |       |       |       |       |       |       |       |       |     6 ||     6
  Evoke: Wand              |       |       |     3 |     8 |    10 |     2 |     5 |       |     9 ||    37
         Phantom mirror    |       |       |       |       |     2 |     1 |       |       |     6 ||     9
         Condenser vane    |       |       |       |       |       |       |       |       |     3 ||     3
         Figurine of a zig |       |       |       |       |       |       |       |       |     1 ||     1
    Use: Scroll            |       |     2 |    10 |     7 |    21 |    23 |    11 |     6 |    73 ||   153
         Potion            |       |       |       |     1 |     2 |    12 |     2 |     2 |    55 ||    74
   Stab: Distracted        |     1 |       |    10 |     8 |    12 |     6 |     1 |     1 |     3 ||    42
         Sleeping          |     1 |     2 |     1 |     1 |     1 |       |       |       |       ||     6
 Armour: Robe              |    18 |    18 |    48 |       |       |       |       |       |       ||    84
         Steam dragon scal |       |       |    10 |    48 |       |       |       |       |       ||    58
         Leather armour    |       |       |       |    80 |   250 |   117 |   112 |   103 |   326 ||   988
  Dodge: Dodged            |    71 |    64 |    98 |   120 |   438 |   161 |    95 |   151 |   982 ||  2180
  Block: Kite shield       |       |       |       |       |    55 |   231 |   122 |   180 |   722 ||  1310
         Reflection        |       |       |       |       |     6 |    62 |       |       |       ||    68
         Tower shield      |       |       |       |       |       |       |       |       |   578 ||   578

Table legend: (Time is in decaauts)
 A = Elapsed time spent in this place.
 B = Non-inter-level travel time spent in this place.
 C = Inter-level travel time spent in this place.
 D = Time resting spent in this place.
 E = Time spent auto-exploring this place.
 F = Levels seen in this place.
 G = Mean time per level.
                   A        B        C        D        E       F      G
               +--------+--------+--------+--------+--------+-----+--------+
         Total | 108343 |  91660 |  16683 |  16803 |  33062 | 166 |  652.7 |
       Dungeon |  27610 |  20031 |   7579 |   3263 |  11966 |  15 | 1840.7 |
        Temple |      1 |      1 |      0 |      0 |      0 |   1 |    1.0 |
          Lair |   8469 |   7166 |   1303 |   1627 |   3573 |   5 | 1693.8 |
        Shoals |   7670 |   7216 |    454 |   3477 |     15 |   4 | 1917.5 |
   Spider Nest |   5434 |   5123 |    311 |   1512 |   2189 |   4 | 1358.5 |
    Slime Pits |   2188 |   2011 |    177 |     34 |   1269 |   5 |  437.6 |
  Orcish Mines |   2206 |   1829 |    377 |    247 |   1032 |   2 | 1103.0 |
   Elven Halls |   3382 |   3155 |    227 |     57 |   1528 |   3 | 1127.3 |
        Vaults |  11876 |   9679 |   2197 |   1915 |   4425 |   5 | 2375.2 |
         Crypt |   3902 |   3407 |    495 |    100 |   1872 |   3 | 1300.7 |
          Tomb |   3593 |   2621 |    972 |    452 |    129 |   3 | 1197.7 |
        Depths |   6635 |   5031 |   1604 |    560 |   2419 |   4 | 1658.8 |
          Hell |    446 |    400 |     46 |     74 |      0 |   1 |  446.0 |
           Dis |   1714 |   1620 |     94 |    424 |      0 |   7 |  244.9 |
       Gehenna |   1434 |   1316 |    118 |     29 |      0 |   7 |  204.9 |
       Cocytus |   1726 |   1420 |    306 |    145 |      0 |   7 |  246.6 |
      Tartarus |    947 |    919 |     28 |     60 |      0 |   7 |  135.3 |
           Zot |   5253 |   4864 |    389 |    352 |   2440 |   5 | 1050.6 |
         Abyss |   1743 |   1743 |      0 |      0 |      0 |   5 |  348.6 |
   Pandemonium |   4424 |   4424 |      0 |    143 |     45 |  22 |  201.1 |
      Ziggurat |   5286 |   5286 |      0 |   1971 |      0 |  46 |  114.9 |
        Bazaar |     77 |     77 |      0 |      0 |      0 |   1 |   77.0 |
       Ossuary |    411 |    411 |      0 |     78 |      0 |   1 |  411.0 |
      Ice Cave |    264 |    264 |      0 |    143 |      0 |   1 |  264.0 |
        Wizlab |    551 |    551 |      0 |     26 |     31 |   1 |  551.0 |
    Desolation |   1090 |   1090 |      0 |    113 |    127 |   1 | 1090.0 |
               +--------+--------+--------+--------+--------+-----+--------+

Top non-repeatable levels by time:
Vaults:1: 3882 daAuts
    D:11: 3162 daAuts
    D:14: 2813 daAuts
Spider:2: 2674 daAuts
Vaults:2: 2583 daAuts
    D:15: 2460 daAuts
Shoals:3: 2405 daAuts
     D:9: 2327 daAuts
    D:12: 2261 daAuts
Shoals:4: 2235 daAuts
    D:13: 2231 daAuts
  Lair:2: 2179 daAuts
  Lair:3: 2175 daAuts
  Lair:1: 2094 daAuts
  Tomb:1: 1955 daAuts
